 Dungeon Crawl Stone Soup version 0.31-a0-700-gf13585253f (webtiles) character file.

Game seed: 10972163602573036766

540782 qw the Conqueror (level 25, -16/187 HPs)
             Began as a Gargoyle Hunter on Sept 7, 2023.
             Was a Priest of Okawaru.
             Demolished by a purple draconian
             ... wielding a +0 glaive
             ... led by a green draconian monk
              (17 damage)
             ... on level 5 of the Realm of Zot.
             The game lasted 00:33:44 (53308 turns).

qw the Conqueror (Gargoyle Hunter)                 Turns: 53308, Time: 00:33:44

Health: -16/187    AC: 40    Str: 23 (24) XL:     25   Next: 98%
Magic:  27/28      EV: 33    Int:  8 (10) God:    Okawaru [***...]
Gold:   2766       SH:  0    Dex: 19 (21) Spells: 24/24 levels left

rFire   + + +        j - +9 triple crossbow (elec)
rCold   + . .        (shield currently unavailable)
rNeg    + + +        z - +3 ring mail of Dasoam {Will++}
rPois   inf          E - +2 helmet of the Rose {Str+5}
rElec   +            A - scarf {rC+ rF+}
rCorr   .            H - +0 pair of gloves "Ythrif" {rF++}
SInv    +            k - +1 pair of boots "Xirag" {*Slow rN++ Slay+3}
Will    +++..        d - amulet of faith
Stlth   +++          h - +4 ring of slaying {mikee}
HPRegen 0.51/turn    r - +5 ring of evasion
MPRegen 0.21/turn

%: slow self (1%), faith
@: about to teleport, heroic, corroded, flying
A: sickness immunity, AC +19, big wings, negative energy resistance 1,
electricity resistance, torment resistance 1, petrification resistance,
iridescent scales 1, see invisible, low MP 1, evolution 1
}: 3/15 runes: barnacled, silver, gossamer
a: Renounce Religion, Heroism


You were on level 5 of the Realm of Zot.
You worshipped Okawaru.
Okawaru was most pleased with you.
You visited 9 branches of the dungeon, and saw 45 of its levels.
You also visited: Sewer, Ossuary and Gauntlet.

You collected 7297 gold pieces.
You spent 4531 gold pieces at shops.


Innate Abilities, Weirdness & Mutations

You are immune to sickness and miasma.
Your stone body is resilient. (AC +19)
You are immune to poison.
Your large and strong wings let you fly.
You resist negative energy. (rN+)
You are resistant to electric shocks. (rElec)
You are resistant to unholy torment.
You are immune to petrification.
You are partially covered in iridescent scales. (AC +2)
You have supernaturally acute eyesight. (SInv)
Your magical capacity is low. (-10% MP)
You have hidden genetic potential.


   Skills:
 O Level 27 Fighting
 - Level 22.0(27) Ranged Weapons
 + Level 21.3(26.3) Armour
 - Level 20.0(25.0) Dodging
 - Level 1.1(6.1) Stealth
 - Level 11.6 Invocations


You had 24 spell levels left.
You didn't know any spells.
Your spell library was empty.

Inventory:

Hand Weapons
 j - a +9 triple crossbow of electrocution (weapon)
Armour
 k - the +1 pair of boots "Xirag" (worn) {*Slow rN++ Slay+3}
   (Okawaru gifted it to you on level 13 of the Dungeon)

   Slay+3:    It affects your accuracy & damage with ranged weapons and melee
   (+3).
   rN++:      It greatly protects you from negative energy.
   *Slow:     It may slow you when you take damage.
 l - a +2 cloak
 y - a +2 pair of gloves of dexterity
 z - the +3 ring mail of Dasoam (worn) {Will++}
   (You found it in a Gauntlet)

   Will++:    It greatly increases your willpower.
 A - a scarf of resistance (worn)
 E - the +2 helmet of the Rose (worn) {Str+5}
   (You bought it in a shop on level 4 of the Vaults)

   Str+5:     It affects your strength (+5).
 H - the +0 pair of gloves "Ythrif" (worn) {rF++}
   (You found it on level 5 of the Vaults)

   rF++:      It greatly protects you from fire.
 I - a +3 ring mail of fire resistance
 J - quicksilver dragon scales
Jewellery
 d - an amulet of faith (around neck)
 g - the ring "Daupnuewk" {rF+ rC+ rN+}
   (You took it off a red draconian on level 3 of the Realm of Zot)

   [ring of protection from fire]

   rF+:       It protects you from fire.
   rC+:       It protects you from cold.
   rN+:       It protects you from negative energy.
 h - a +4 ring of slaying (left hand) {mikee}
 r - a +5 ring of evasion (right hand)
 v - the amulet of Bidefaqu {Faith Harm rC+ Str+2}
   (You found it in an ossuary)

   [amulet of faith]

   Faith:     It allows you to gain divine favour quickly.
   Str+2:     It affects your strength (+2).
   rC+:       It protects you from cold.
   Harm:      It increases damage dealt and taken.
 C - an amulet of regeneration
 F - the ring "Mojuti" {Fire Dex+4}
   (You took it off a merfolk aquamancer on level 4 of the Shoals)

   [ring of fire]

   Fire:      It enhances your fire magic.
   Dex+4:     It affects your dexterity (+4).
   rF+:       It protects you from fire.
   rC-:       It makes you vulnerable to cold.
Wands
 s - a wand of digging (21)
Scrolls
 b - 31 scrolls of identify
 n - 4 scrolls of enchant armour
 q - 18 scrolls of teleportation
 B - 2 scrolls of enchant weapon
Potions
 a - 3 potions of cancellation
 c - 2 potions of resistance
 e - 25 potions of curing
 f - 9 potions of haste
 i - 11 potions of might
 m - 3 potions of mutation
 t - 5 potions of enlightenment
 w - 4 potions of magic
 x - 7 potions of heal wounds

Dungeon Overview and Level Annotations

Branches:
Dungeon (15/15)            Temple (1/1) D:4            Lair (5/5) D:11
 Shoals (4/4) Lair:2       Spider (4/4) Lair:2        Slime (0/5) Lair:4
    Orc (2/2) D:9             Elf (0/3) Orc:2        Vaults (5/5) D:13
  Crypt (0/3) Vaults:2     Depths (4/4) D:15            Zot (5/5) Depths:4
  Sewer (visited)         Ossuary (visited)         Gauntlet (visited)

Altars:
Ashenzari
Cheibriados
Dithmenos
Elyvilon
Fedhas
Gozag
Hepliaklqana
Kikubaaqudgha
Makhleb
Nemelex Xobeh
Okawaru
Qazlal
Ru
Sif Muna
Trog
Uskayaw
Vehumet
Wu Jian
Xom
Yredelemnul
Zin
The Shining One
Jiyva

Shops:
D:2 (   D:3 (   D:8 (   Orc:2 [=*=   Vaults:4 *   Vaults:5 (   Depths:4 *

Portals:
Hell: Depths:1 Depths:2 Depths:3 Depths:4
Abyss: Depths:3 Depths:4
Pandemonium: Depths:2 Depths:3
Ziggurat: Depths:2

Annotations:
D:14 2 transporters, Nouqea's ghost, journeyman GrFi
Lair:1 2 transporters, qw's ghost, journeyman MiHs
Orc:2 1 runed translucent door
Depths:2 exclusions: ancient lich and lich
Zot:4 8 runed translucent doors, exclusions: Killer Klown and ghost moth


Message History

The purple draconian hits you from afar with a +0 glaive.
You shoot a bolt.
The bolt hits the black draconian knight but does no damage.
The black draconian knight is almost dead.
The black draconian knight completely misses you.
The yellow draconian annihilator misses you.
The black draconian knight completely misses you.
The white draconian completely misses you.
The green draconian monk completely misses you.
The green draconian monk kicks you but does no damage.
The green draconian monk misses you.
The green draconian monk tail-slaps you but does no damage.
The purple draconian barely misses you.
You shoot a bolt.
The bolt barely misses the black draconian knight.
The black draconian knight casts a spell at you.
The shard of ice misses you.
The shard of ice misses the green draconian monk.
The yellow draconian annihilator points at you and mumbles some strange words.
The entropic shot hits you!!! The green draconian monk hits you.
The green draconian monk closely misses you.
The green draconian monk misses you.
The green draconian monk barely misses you.
The white draconian hits you but does no damage.
The purple draconian barely misses you.
The black draconian knight hits you with a +2 glaive of protection!
53308 ||| READING 19 scrolls of teleportation.
As you read the scroll of teleportation, it crumbles to dust.
You feel strangely unstable.
You feel the Orb delaying your translocation!
The black draconian knight completely misses you.
The yellow draconian annihilator spits acid at you.
The glob of acid hits you!
The white draconian completely misses you.
The green draconian monk misses you.
The green draconian monk kicks you but does no damage.
The green draconian monk tail-slaps you!
The green draconian monk misses you.
The purple draconian hits you from afar with a +0 glaive!
You die...

...# }..# ....# .
.... .. ...###
...########......
......q@q.)......
.)....q#d........
.....[d<.........
........q....#+##
..........}..+
.............#
.............#
........######
#####.###


You could see a green draconian monk, a black draconian knight (fast,
invisible), a purple draconian, a white draconian, a purple draconian shifter
and a yellow draconian annihilator.

Vanquished Creatures
  2 dread liches (Vaults:5)
  An ancient lich (Depths:2)
  Mennas (Vaults:5)
  Mara (Spider:4)
  Vv (Depths:4)
  2 curse toes
  8 Killer Klowns (Zot:4)
  5 caustic shrikes
  7 golden dragons
  A golden dragon (shapeshifter) (Depths:3)
  Nikola (Depths:1)
  Arachne (Spider:2)
  Rupert (Lair:5)
  19 tentacled monstrosities
  7 titans
  A lich (Depths:2)
  6 sphinxes
  A walking divine tome (Depths:2)
  7 quicksilver dragons
  Polyphemus (Shoals:3)
  3 death cobs
  A kraken (Shoals:2)
  Kirke (Shoals:2)
  16 shadow dragons
  11 tengu reavers
  Agnes (Spider:3)
  9 fire giants
  10 storm dragons
  A draconian knight (Depths:4)
  8 frost giants
  4 deep elf sorcerers
  A caustic shrike zombie (D:15)
  3 draconian scorchers (Zot:1)
  9 emperor scorpions
  2 balrugs
  5 draconian monks
  9 ghost moths
  12 vault wardens
  2 iron dragons
  A deep elf elementalist (Depths:3)
  An angel (Shoals:4)
  2 draconian stormcallers (Zot:3)
  An orc warlord (Vaults:2)
  3 formless jellyfish
  3 draconian annihilators
  A caustic shrike skeleton (Depths:3)
  2 draconian shifters
  21 very ugly things
  4 spriggan defenders
  A reaper (Depths:4)
  9 vampire knights
  18 stone giants
  A broodmother (Spider:2)
  12 ironbound preservers
  11 ironbound thunderhulks
  5 green draconians
  4 black draconians
  A minotaur (Gauntlet)
  A deep elf annihilator (Vaults:5)
  7 yellow draconians
  A minotaur (shapeshifter) (Zot:4)
  2 white draconians (Zot:3)
  A bunyip (shapeshifter) (Vaults:4)
  6 spark wasps
  5 purple draconians
  5 red draconians
  Snorg (Lair:4)
  2 dire elephants
  8 fire dragons
  13 ettins
  5 merfolk javelineers
  6 rakshasas
  7 jiangshi
  11 merfolk impalers
  3 deep elf high priests
  7 entropy weavers
  11 great orbs of eyes
  A spriggan zombie (Depths:1)
  10 yaktaur captains
  A peacekeeper (Vaults:4)
  37 vault guards
  Erolcha (Orc:1)
  A hell beast (Depths:2)
  An entropy weaver (shapeshifter) (D:14)
  4 radroaches
  8 ice dragons
  5 ogre magi
  7 hydras
  3 spriggan air magi
  A spriggan skeleton (D:15)
  A jorogumo (shapeshifter) (Vaults:4)
  5 ironbound frosthearts
  A two-headed ogre (shapeshifter) (Vaults:4)
  7 jorogumos
  2 alligator snapping turtles (Shoals:2)
  22 two-headed ogres
  5 catoblepae
  A centaur warrior (D:13)
  6 deep troll shamans
  5 merfolk aquamancers
  9 boulder beetles
  4 merfolk avatars
  4 satyrs
  2 hell hogs (Depths:1)
  A sphinx skeleton (Vaults:2)
  A death scarab (Spider:1)
  24 death yaks
  6 tengu warriors
  12 vampire magi
  10 spriggan berserkers
  25 hell knights
  6 demonic crawlers
  2 deep elf knights (Vaults:4)
  3 deep troll earth magi
  A sun demon (Depths:2)
  A storm dragon zombie (D:15)
  6 spriggans
  3 soul eaters
  3 iron trolls
  8 skysharks
  7 pharaoh ants
  3 sea snakes
  A goliath frog (shapeshifter) (Depths:3)
  13 skeletal warriors
  2 flayed ghosts
  An iron troll (shapeshifter) (Depths:3)
  A spark wasp zombie (Depths:1)
  2 death drakes (shapeshifter)
  8 orb spiders
  3 cherubim (Shoals:4)
  A sun moth (Spider:3)
  A swamp dragon (Lair:5)
  11 glowing orange brains
  46 deep trolls
  A deep troll (shapeshifter) (Vaults:4)
  4 lindwurms
  14 steelbarb worms
  17 ironbound convokers
  11 wizards
  5 phantasmal warriors
  Pikel (D:4)
  22 wolf spiders
  19 necromancers
  12 harpies
  A sphinx simulacrum (Depths:1)
  An oklob plant (Lair:1)
  7 orc knights
  A deep elf pyromancer (D:15)
  2 deep elf zephyrmancers (Vaults:4)
  13 manticores
  45 ugly things
  2 tengu skeletons
  26 fauns
  8 cyclopes
  A salamander (Depths:1)
  13 elephants
  6 merfolk sirens
  31 moths of wrath
  14 vault sentinels
  2 fire giant skeletons
  8 black mambas
  Maurice (D:8)
  5 water nymphs
  3 centaur skeletons (D:13)
  An ice statue (Lair:4)
  4 human skeletons (Vaults:2)
  4 torpor snails
  Jeremiah (D:6)
  12 cane toads
  An unseen horror (shapeshifter) (D:15)
  2 kobold demonologists (D:12)
  21 yaktaurs
  A tormentor (Depths:3)
  4 rime drakes
  2 efreet (D:15)
  A freezing wraith (Vaults:5)
  8 komodo dragons
  6 guardian mummies
  7 tengu conjurers
  A yaktaur skeleton (Vaults:2)
  15 meliai
  6 polar bears
  A meliai (shapeshifter) (D:15)
  13 merfolk
  6 trolls
  A tyrant leech (shapeshifter) (Vaults:4)
  26 tarantellas
  8 snapping turtles
  10 hornets
  18 blink frogs
  3 wind drakes
  Grinder (D:4)
  8 dream sheep
  A culicivora (shapeshifter) (D:15)
  A jumping spider (shapeshifter) (Depths:3)
  A shadow (D:9)
  20 culicivoras
  2 elf skeletons (Vaults:2)
  39 slime creatures
  8 water elementals
  2 vampires (D:11)
  12 wyverns
  38 jumping spiders
  A wraith (D:13)
  A ynoxinul (Depths:2)
  2 hogs (Shoals:2)
  59 yaks
  5 basilisks
  3 steam dragons
  A hog (shapeshifter) (D:13)
  Grum (D:6)
  60 redbacks
  A human (Shoals:2)
  3 vampire mosquitoes (D:14)
  2 wargs
  3 acid dragons
  17 water moccasins
  15 orc warriors
  2 swamp drakes (Lair:5)
  2 sky beasts
  A black bear (D:5)
  28 ogres
  4 boggarts (Vaults:3)
  14 centaurs
  12 wolves
  A lemure (D:4)
  7 kobold brigands
  13 bullfrogs
  4 gnoll sergeants
  3 wyvern zombies (Ossuary)
  3 scorpions
  6 water moccasin zombies (Ossuary)
  8 wights
  3 killer bees (D:7)
  10 electric eels
  6 howler monkeys
  4 centaur zombies (Ossuary)
  13 hounds
  6 bullfrog zombies (Ossuary)
  5 gnoll boudas
  7 jellies
  5 orc priests
  2 sleepcaps (D:5)
  9 iguanas
  12 orc wizards
  A boggart skeleton (D:13)
  12 mummies (Ossuary)
  3 howler monkey zombies (Ossuary)
  30 gnolls
  17 adders
  3 river rats (Sewer)
  5 shadow imps
  5 white imps
  An ufetubus (D:5)
  2 worms (Sewer)
  5 dart slugs
  74 orcs
  15 ball pythons
  17 endoplasms
  4 giant cockroaches
  7 goblins
  9 hobgoblins
  A jackal (D:6)
  2 quokkas
  7 bats
  3 frilled lizards
  A hobgoblin zombie (D:8)
  18 kobolds
  12 rats
  A rat zombie (D:8)
  A spectral hobgoblin (D:2)
  3 tentacles (Shoals:2)
1986 creatures vanquished.

Vanquished Creatures (others)
  A vampire mage (Depths:3)
  A wizard (Vaults:2)
  A sky beast (D:6)
  A butterfly (Zot:4)
  A tentacle (Shoals:2)
5 creatures vanquished.

Grand Total: 1991 creatures vanquished

Notes
Turn   | Place    | Note
-------+----------+-------------------------------------------
     0 | D:1      | qw the Gargoyle Hunter began the quest for the Orb.
     0 | D:1      | Reached XP level 1. HP: 12/12 MP: 1/1
     0 | D:1      | 0 ||| qw: Version: 0.3-a-76-g4403597
     0 | D:1      | 0 ||| qw: Game counter: 592
     0 | D:1      | 0 ||| qw: Melee chars always use a shield: true
     0 | D:1      | 0 ||| qw: God list: Okawaru
     0 | D:1      | 0 ||| qw: Allow faded altars: false
     0 | D:1      | 0 ||| qw: Do Orc after clearing Dungeon:15 true
     0 | D:1      | 0 ||| qw: Do second Lair branch before Depths: true
     0 | D:1      | 0 ||| qw: Lair rune preference: random
     0 | D:1      | 0 ||| qw: Goals: Normal
     0 | D:1      | 0 ||| PLANNING D:1-11
    12 | D:1      | 12 ||| DROPPING scroll of butterflies.
   147 | D:1      | Reached XP level 2. HP: 17/17 MP: 2/2
   691 | D:1      | Reached XP level 3. HP: 21/21 MP: 3/3
   827 | D:1      | 827 ||| UPGRADING to ring of positive energy.
   828 | D:1      | 828 ||| UPGRADING to ring of positive energy.
   829 | D:1      | 829 ||| READING scroll labelled ZAENIG SEAM.
   832 | D:1      | 832 ||| READING scroll labelled WEW HOAKHAEBU.
   833 | D:1      | 833 ||| READING scroll labelled GIOTED XAUK.
   844 | D:1      | 844 ||| DRINKING 2 purple potions.
   934 | D:2      | Found a faded altar of an unknown god.
   935 | D:2      | 935 ||| Stepping ~*~*~tactically~*~*~ (water).
   983 | D:2      | Found an ornate altar of the Wu Jian Council.
  1050 | D:2      | Found Fovolyonneg's Antique Weapon Shop.
  1060 | D:2      | 1060 ||| BUYING runed sling (90 gold).
  1060 | D:2      | Bought a runed sling for 90 gold pieces
  1060 | D:2      | 1060 ||| DROPPING +2 sling of draining.
  1496 | D:2      | Reached skill level 3 in Fighting
  1731 | D:2      | 1731 ||| UPGRADING to ring of resist corrosion.
  1733 | D:2      | 1733 ||| READING scroll labelled WAODWESERA.
  1734 | D:2      | 1734 ||| READING scroll labelled HIJYLU FAQOPHE.
  1735 | D:2      | 1735 ||| READING scroll labelled CEBUNT CUCIK.
  1837 | D:3      | Reached XP level 4. HP: 28/28 MP: 4/4
  1932 | D:3      | Found Zaown's Antique Weapon Emporium.
  1943 | D:3      | 1943 ||| SHOPLISTING runed sling (117 gold, have 61).
  1947 | D:3      | Found a glowing silver altar of Zin.
  1947 | D:3      | Found a glowing golden altar of the Shining One.
  1947 | D:3      | Found an opulent altar of Gozag.
  2170 | D:3      | 2170 ||| UPGRADING to +0 cloak.
  2175 | D:3      | 2175 ||| UPGRADING to +0 leather armour of willpower.
  2185 | D:3      | 2185 ||| DROPPING +0 leather armour.
  2186 | D:3      | 2186 ||| READING 6 scrolls of identify.
  2186 | D:3      | 2186 ||| IDENTIFYING yellow potion
  2187 | D:3      | 2187 ||| READING 5 scrolls of identify.
  2187 | D:3      | 2187 ||| IDENTIFYING fizzy amethyst potion
  2188 | D:3      | 2188 ||| READING 4 scrolls of identify.
  2188 | D:3      | 2188 ||| IDENTIFYING puce potion
  2189 | D:3      | 2189 ||| DROPPING potion of ambrosia.
  2190 | D:3      | 2190 ||| DROPPING potion of berserk rage.
  2206 | D:4      | Noticed a scorpion
  2207 | D:4      | 2207 ||| PLANNING SEWER
  2209 | D:4      | Killed a scorpion
  2210 | D:4      | Reached skill level 6 in Ranged Weapons
  2210 | D:4      | Reached XP level 5. HP: 32/32 MP: 5/5
  2221 | D:4      | Found a glowing drain.
  2231 | D:4      | 2231 ||| Stepping ~*~*~tactically~*~*~ (water).
  2236 | D:4      | Reached skill level 1 in Armour
  2239 | Sewer    | Entered a sewer
  2290 | Sewer    | 2290 ||| Stepping ~*~*~tactically~*~*~ (water).
  2342 | Sewer    | Reached XP level 6. HP: 38/38 MP: 6/6
  2350 | Sewer    | Reached skill level 4 in Fighting
  2400 | Sewer    | HP: 9/38 [frozen (3)]
  2400 | Sewer    | HP: 4/38 [frozen (5)]
  2529 | Sewer    | 2529 ||| Stepping ~*~*~tactically~*~*~ (water).
  2531 | Sewer    | 2531 ||| Stepping ~*~*~tactically~*~*~ (water).
  2551 | Sewer    | 2551 ||| Stepping ~*~*~tactically~*~*~ (water).
  2553 | Sewer    | 2553 ||| Stepping ~*~*~tactically~*~*~ (water).
  2555 | Sewer    | 2555 ||| Stepping ~*~*~tactically~*~*~ (water).
  2594 | Sewer    | Found a viscous altar of Jiyva.
  2647 | Sewer    | 2647 ||| DRINKING 2 glowing purple potions.
  2648 | Sewer    | 2648 ||| DRINKING 2 ruby potions.
  2649 | Sewer    | 2649 ||| READING 5 scrolls of identify.
  2649 | Sewer    | 2649 ||| IDENTIFYING metallic puce potion
  2650 | Sewer    | 2650 ||| READING 4 scrolls of identify.
  2650 | Sewer    | 2650 ||| IDENTIFYING fizzy inky potion
  2651 | Sewer    | 2651 ||| READING 3 scrolls of identify.
  2651 | Sewer    | 2651 ||| IDENTIFYING fizzy cyan potion
  2652 | Sewer    | 2652 ||| DROPPING potion of brilliance.
  2674 | D:4      | 2674 ||| PLANNING D:1-11
  2722 | D:4      | Found a staircase to the Ecumenical Temple.
  2723 | D:4      | 2723 ||| PLANNING TEMPLE
  2723 | D:4      | 2723 ||| UPGRADING to +2 cloak.
  2733 | D:4      | 2733 ||| DROPPING +0 cloak.
  2805 | Temple   | Entered the Ecumenical Temple
  2806 | Temple   | 2806 ||| PLANNING D:1-11
  2808 | D:4      | Noticed Pikel
  2809 | D:4      | 2809 ||| RETREATING.
  2830 | D:4      | 2830 ||| Stepping ~*~*~tactically~*~*~ (retreating).
  2831 | D:4      | 2831 ||| Stepping ~*~*~tactically~*~*~ (retreating).
  2832 | D:4      | 2832 ||| Stepping ~*~*~tactically~*~*~ (retreating).
  2834 | D:4      | 2834 ||| Stepping ~*~*~tactically~*~*~ (retreating).
  2835 | D:4      | 2835 ||| Stepping ~*~*~tactically~*~*~ (retreating).
  2836 | D:4      | 2836 ||| Stepping ~*~*~tactically~*~*~ (retreating).
  2838 | D:4      | Killed Pikel
  2839 | D:4      | Reached XP level 7. HP: 34/43 MP: 7/7
  2911 | D:4      | 2911 ||| Stepping ~*~*~tactically~*~*~ (retreating).
  2952 | D:4      | Identified the +0 leather armour "Oxai" {rC+ SInv}
  3011 | D:4      | Found a bloodstained altar of Trog.
  3024 | D:4      | Noticed Grinder
  3026 | D:4      | Paralysed by Grinder for 4 turns
  3046 | D:4      | Killed Grinder
  3047 | D:4      | Reached skill level 5 in Fighting
  3047 | D:4      | Reached XP level 8. HP: 46/51 MP: 8/8
  3314 | D:4      | 3314 ||| UPGRADING to +2 robe of resistance.
  3324 | D:4      | 3324 ||| UPGRADING to +0 helmet.
  3329 | D:4      | 3329 ||| UPGRADING to +0 leather armour "Oxai" {rC+ SInv}.
  3339 | D:4      | 3339 ||| READING scroll labelled PAORUCK INOUGH.
  3340 | D:4      | 3340 ||| READING scroll labelled LIUGEFI REED.
  3353 | D:5      | Entered Level 5 of the Dungeon
  3401 | D:5      | 3401 ||| RETREATING.
  3405 | D:5      | 3405 ||| Stepping ~*~*~tactically~*~*~ (retreating).
  3409 | D:5      | 3409 ||| Stepping ~*~*~tactically~*~*~ (retreating).
  3410 | D:5      | 3410 ||| Stepping ~*~*~tactically~*~*~ (retreating).
  3412 | D:5      | 3412 ||| Stepping ~*~*~tactically~*~*~ (retreating).
  3413 | D:5      | 3413 ||| Stepping ~*~*~tactically~*~*~ (retreating).
  3415 | D:5      | Reached skill level 9 in Ranged Weapons
  3416 | D:5      | 3416 ||| Stepping ~*~*~tactically~*~*~ (retreating).
  3417 | D:5      | 3417 ||| Stepping ~*~*~tactically~*~*~ (retreating).
  3419 | D:5      | 3419 ||| Stepping ~*~*~tactically~*~*~ (retreating).
  3429 | D:5      | HP: 11/51 [ufetubus (3)]
  3430 | D:5      | 3430 ||| READING scroll of teleportation.
  3430 | D:5      | HP: 5/51 [gnoll/+0 halberd[a gnoll bouda] (6)]
  3431 | D:5      | 3431 ||| DRINKING potion of heal wounds.
  3440 | D:5      | Reached skill level 6 in Fighting
  3947 | D:5      | 3947 ||| READING scroll labelled RAJUGAINENI.
  3947 | D:5      | Identified a scroll of acquirement
  3947 | D:5      | 3947 ||| ACQUIRING +9 orcbow "Qaif" {flame, Fly rF- rCorr}
  3947 | D:5      | Acquired the +9 orcbow "Qaif" {flame, Fly rF- rCorr}
  3949 | D:5      | 3949 ||| SWAPPING to +9 orcbow "Qaif" {flame, Fly rF-
                  | rCorr}.
  3950 | D:5      | 3950 ||| REMOVING ring of resist corrosion.
  3951 | D:5      | 3951 ||| DROPPING +0 shortbow of draining.
  3952 | D:5      | 3952 ||| UPGRADING to ring of positive energy.
  3953 | D:5      | 3953 ||| READING scroll labelled NES NAWNE FIOM.
  4012 | D:6      | 4012 ||| RETREATING.
  4016 | D:6      | 4016 ||| Stepping ~*~*~tactically~*~*~ (retreating).
  4028 | D:6      | Reached XP level 9. HP: 46/56 MP: 9/9
  4121 | D:6      | Reached skill level 3 in Dodging
  4140 | D:6      | Noticed Jeremiah
  4155 | D:6      | Killed Jeremiah
  4156 | D:6      | Reached skill level 7 in Fighting
  4565 | D:6      | Reached skill level 8 in Fighting
  4575 | D:6      | 4575 ||| Stepping ~*~*~tactically~*~*~ (outnumbered).
  4590 | D:6      | Noticed Grum
  4593 | D:6      | Killed Grum
  4631 | D:6      | Reached XP level 10. HP: 64/64 MP: 10/10
  4956 | D:6      | 4956 ||| READING scroll labelled LEVOSOCRIHE.
  4957 | D:6      | 4957 ||| READING scroll labelled MIRYEG NUDOURA.
  4958 | D:6      | 4958 ||| DRINKING 2 coppery potions.
  5038 | D:7      | Reached skill level 12 in Ranged Weapons
  5062 | D:7      | 5062 ||| Stepping ~*~*~tactically~*~*~ (outnumbered).
  5065 | D:7      | 5065 ||| Stepping ~*~*~tactically~*~*~ (outnumbered).
  5068 | D:7      | 5068 ||| FLEEEEING.
  5076 | D:7      | 5076 ||| Stepping ~*~*~tactically~*~*~ (retreating).
  5077 | D:7      | 5077 ||| Stepping ~*~*~tactically~*~*~ (retreating).
  5078 | D:7      | 5078 ||| Stepping ~*~*~tactically~*~*~ (retreating).
  5079 | D:7      | 5079 ||| Stepping ~*~*~tactically~*~*~ (retreating).
  5080 | D:7      | 5080 ||| Stepping ~*~*~tactically~*~*~ (retreating).
  5081 | D:7      | 5081 ||| Stepping ~*~*~tactically~*~*~ (retreating).
  5082 | D:7      | 5082 ||| Stepping ~*~*~tactically~*~*~ (retreating).
  5083 | D:7      | 5083 ||| Stepping ~*~*~tactically~*~*~ (retreating).
  5565 | D:8      | 5565 ||| PLANNING OSSUARY
  5568 | D:8      | 5568 ||| STAIRDANCE
  5721 | D:8      | Noticed Maurice
  5727 | D:8      | Killed Maurice
  5790 | D:8      | Found a sand-covered staircase.
  5794 | D:8      | 5794 ||| DRINKING 2 viscous inky potions.
  5795 | D:8      | 5795 ||| DROPPING potion of attraction.
  5803 | Ossuary  | Entered an ossuary
  5957 | Ossuary  | Reached skill level 9 in Fighting
  5975 | Ossuary  | Identified the amulet of Bidefaqu {Faith Harm rC+ Str+2}
  6057 | Ossuary  | Reached skill level 3 in Armour
  6154 | Ossuary  | 6154 ||| UPGRADING to amulet of Bidefaqu {Faith Harm rC+
                  | Str+2}.
  6159 | Ossuary  | 6159 ||| UPGRADING to ring of willpower.
  6161 | Ossuary  | 6161 ||| DRINKING 2 clear potions.
  6162 | Ossuary  | 6162 ||| READING 11 scrolls of identify.
  6162 | Ossuary  | 6162 ||| IDENTIFYING bubbling blue potion
  6163 | Ossuary  | 6163 ||| READING 10 scrolls of identify.
  6163 | Ossuary  | 6163 ||| IDENTIFYING cyan potion
  6164 | Ossuary  | 6164 ||| DROPPING potion of degeneration.
  6165 | Ossuary  | 6165 ||| DROPPING potion of lignification.
  6166 | Ossuary  | 6166 ||| DROPPING potion of magic.
  6195 | D:8      | 6195 ||| PLANNING D:1-11
  6354 | D:8      | Found a sparkling altar of Nemelex Xobeh.
  6355 | D:8      | Found an iron altar of Okawaru.
  6356 | D:8      | 6356 ||| PLANNING OKAWARU WORSHIP
  6366 | D:8      | Became a worshipper of Warmaster Okawaru
  6367 | D:8      | 6367 ||| PLANNING D:1-11
  6426 | D:8      | Found Qiatwisu's Weapon Emporium.
  6426 | D:8      | Noticed a +0 demon blade
  6429 | D:8      | Noticed a +0 demon whip
  6645 | D:9      | 6645 ||| Stepping ~*~*~tactically~*~*~ (outnumbered).
  6713 | D:9      | 6713 ||| RETREATING.
  6729 | D:9      | 6729 ||| Stepping ~*~*~tactically~*~*~ (retreating).
  6731 | D:9      | 6731 ||| Stepping ~*~*~tactically~*~*~ (retreating).
  6733 | D:9      | Reached XP level 11. HP: 41/71 MP: 11/11
  6739 | D:9      | HP: 12/71 [orc warrior/bolt (19)]
  6740 | D:9      | 6740 ||| READING 7 scrolls of teleportation.
  6950 | D:9      | Reached * piety under Okawaru
  6956 | D:9      | Reached skill level 1 in Invocations
  7171 | D:9      | 7171 ||| DROPPING +0 orcbow.
  7198 | D:9      | Found a staircase to the Orcish Mines.
  7259 | D:9      | Found an ancient bone altar of Kikubaaqudgha.
  7442 | D:9      | 7442 ||| READING scroll labelled QUHUFO HANOIWOYRO.
  7458 | D:10     | Entered Level 10 of the Dungeon
  7517 | D:10     | 7517 ||| INVOKING Heroism.
  7536 | D:10     | Found a viscous altar of Jiyva.
  7552 | D:10     | 7552 ||| INVOKING Heroism.
  7791 | D:10     | 7791 ||| FLEEEEING.
  7799 | D:10     | Reached skill level 3 in Invocations
  7799 | D:10     | 7799 ||| FLEEEEING.
  7800 | D:10     | 7800 ||| FLEEEEING.
  7801 | D:10     | 7801 ||| FLEEEEING.
  7802 | D:10     | 7802 ||| FLEEEEING.
  7803 | D:10     | 7803 ||| FLEEEEING.
  7804 | D:10     | 7804 ||| FLEEEEING.
  7805 | D:10     | 7805 ||| FLEEEEING.
  7806 | D:10     | 7806 ||| FLEEEEING.
  7808 | D:10     | 7808 ||| FLEEEEING.
  7809 | D:10     | 7809 ||| FLEEEEING.
  7810 | D:10     | 7810 ||| FLEEEEING.
  7811 | D:10     | 7811 ||| FLEEEEING.
  7812 | D:10     | 7812 ||| FLEEEEING.
  7813 | D:10     | 7813 ||| FLEEEEING.
  7814 | D:10     | 7814 ||| FLEEEEING.
  7815 | D:10     | 7815 ||| FLEEEEING.
  7816 | D:10     | 7816 ||| FLEEEEING.
  7817 | D:10     | 7817 ||| FLEEEEING.
  7818 | D:10     | 7818 ||| FLEEEEING.
  7819 | D:10     | 7819 ||| FLEEEEING.
  7820 | D:10     | 7820 ||| FLEEEEING.
  7982 | D:10     | Found a stormy altar of Qazlal.
  7988 | D:10     | Found a blossoming altar of Fedhas.
  8033 | D:10     | Reached ** piety under Okawaru
  8382 | D:10     | 8382 ||| UPGRADING to +0 pair of boots.
  8387 | D:10     | 8387 ||| READING scroll labelled NYOWUNKA VEKKO.
  8493 | D:11     | 8493 ||| RETREATING.
  8497 | D:11     | Reached skill level 10 in Fighting
  8502 | D:11     | 8502 ||| RETREATING.
  8511 | D:11     | 8511 ||| INVOKING Heroism.
  8613 | D:11     | Noticed a two-headed ogre
  8614 | D:11     | 8614 ||| INVOKING Heroism.
  8616 | D:11     | Killed a two-headed ogre
  8655 | D:11     | 8655 ||| FLEEEEING.
  8656 | D:11     | 8656 ||| FLEEEEING.
  8657 | D:11     | 8657 ||| FLEEEEING.
  8669 | D:11     | 8669 ||| INVOKING Heroism.
  8717 | D:11     | Found a hide-covered altar of Uskayaw.
  8718 | D:11     | 8718 ||| Stepping ~*~*~tactically~*~*~ (outnumbered).
  8783 | D:11     | Reached *** piety under Okawaru
  8797 | D:11     | Identified the +2 helmet "Cysueban" {rCorr Dex+2 Slay-6}
  8864 | D:11     | 8864 ||| INVOKING Heroism.
  8868 | D:11     | 8868 ||| RETREATING.
  8959 | D:11     | 8959 ||| INVOKING Heroism.
  8961 | D:11     | Reached skill level 15 in Ranged Weapons
  8974 | D:11     | Found a staircase to the Lair.
  9222 | D:11     | 9222 ||| PLANNING LAIR
  9222 | D:11     | 9222 ||| DROPPING +0 leather armour of willpower.
  9223 | D:11     | 9223 ||| DROPPING +2 helmet "Cysueban" {rCorr Dex+2
                  | Slay-6}.
  9312 | Lair:1   | Entered Level 1 of the Lair of Beasts
  9312 | Lair:1   | Noticed an oklob plant
  9313 | Lair:1   | 9313 ||| INVOKING Heroism.
  9319 | Lair:1   | Killed an oklob plant
  9319 | Lair:1   | Reached **** piety under Okawaru
  9392 | Lair:1   | 9392 ||| RETREATING.
  9408 | Lair:1   | Reached XP level 12. HP: 77/77 MP: 15/15
  9414 | Lair:1   | 9414 ||| Stepping ~*~*~tactically~*~*~ (retreating).
  9421 | Lair:1   | Reached ***** piety under Okawaru
  9427 | Lair:1   | 9427 ||| INVOKING Heroism.
  9577 | Lair:1   | 9577 ||| INVOKING Heroism.
  9597 | Lair:1   | Reached skill level 6 in Invocations
  9612 | Lair:1   | 9612 ||| INVOKING Heroism.
  9702 | Lair:1   | 9702 ||| RETREATING.
  9738 | Lair:1   | Found a transporter.
  9738 | Lair:1   | Noticed qw's ghost (journeyman MiHs)
  9753 | Lair:1   | Noticed a death yak
  9754 | Lair:1   | 9754 ||| INVOKING Heroism.
  9755 | Lair:1   | 9755 ||| INVOKING Finesse.
  9756 | Lair:1   | 9756 ||| INVOKING Finesse.
  9757 | Lair:1   | 9757 ||| INVOKING Finesse.
  9762 | Lair:1   | Killed a death yak
  9764 | Lair:1   | Noticed a death yak
  9766 | Lair:1   | 9766 ||| RETREATING.
  9767 | Lair:1   | Noticed a death yak
  9768 | Lair:1   | Noticed a death yak
  9770 | Lair:1   | 9770 ||| Stepping ~*~*~tactically~*~*~ (retreating).
  9779 | Lair:1   | Killed a death yak
  9788 | Lair:1   | Killed a death yak
  9795 | Lair:1   | Killed a death yak
  9830 | Lair:1   | Received a gift from Okawaru
  9836 | Lair:1   | 9836 ||| FLEEEEING.
  9843 | Lair:1   | 9843 ||| SWAPPING to +1 longbow of electrocution.
  9844 | Lair:1   | 9844 ||| DROPPING +0 arbalest.
  9854 | Lair:1   | Found a transporter.
  9948 | Lair:1   | 9948 ||| INVOKING Heroism.
 10016 | Lair:1   | 10016 ||| INVOKING Heroism.
 10045 | Lair:1   | 10045 ||| INVOKING Heroism.
 10146 | Lair:1   | Reached skill level 9 in Invocations
 10205 | Lair:1   | Identified the +5 hand axe "Bewiqar" {venom, rPois}
 10458 | Lair:1   | 10458 ||| UPGRADING to ring of resist corrosion.
 10485 | Lair:2   | 10485 ||| INVOKING Heroism.
 10489 | Lair:2   | Noticed an eight-headed hydra
 10490 | Lair:2   | 10490 ||| RETREATING.
 10495 | Lair:2   | 10495 ||| Stepping ~*~*~tactically~*~*~ (retreating).
 10496 | Lair:2   | 10496 ||| Stepping ~*~*~tactically~*~*~ (retreating).
 10497 | Lair:2   | 10497 ||| Stepping ~*~*~tactically~*~*~ (retreating).
 10499 | Lair:2   | 10499 ||| Stepping ~*~*~tactically~*~*~ (retreating).
 10505 | Lair:2   | Killed an eight-headed hydra
 10506 | Lair:2   | Reached XP level 13. HP: 43/84 MP: 18/20
 10641 | Lair:2   | Reached skill level 11 in Fighting
 10747 | Lair:2   | Received a gift from Okawaru
 10910 | Lair:2   | 10910 ||| INVOKING Heroism.
 10911 | Lair:2   | 10911 ||| RETREATING.
 10913 | Lair:2   | 10913 ||| Stepping ~*~*~tactically~*~*~ (retreating).
 10914 | Lair:2   | 10914 ||| Stepping ~*~*~tactically~*~*~ (retreating).
 10915 | Lair:2   | 10915 ||| Stepping ~*~*~tactically~*~*~ (retreating).
 10916 | Lair:2   | 10916 ||| Stepping ~*~*~tactically~*~*~ (retreating).
 10999 | Lair:2   | 10999 ||| INVOKING Heroism.
 11002 | Lair:2   | 11002 ||| RETREATING.
 11007 | Lair:2   | 11007 ||| Stepping ~*~*~tactically~*~*~ (retreating).
 11008 | Lair:2   | 11008 ||| Stepping ~*~*~tactically~*~*~ (retreating).
 11066 | Lair:2   | 11066 ||| INVOKING Heroism.
 11130 | Lair:2   | Found a hole to the Spider Nest.
 11275 | Lair:2   | Found a staircase to the Shoals.
 11281 | Lair:2   | 11281 ||| INVOKING Heroism.
 11750 | Lair:2   | 11750 ||| READING 13 scrolls of identify.
 11750 | Lair:2   | 11750 ||| IDENTIFYING sedimented puce potion
 11807 | Lair:3   | 11807 ||| INVOKING Heroism.
 11808 | Lair:3   | 11808 ||| INVOKING Finesse.
 12067 | Lair:3   | Identified the +4 falchion "Naanwice" {freeze, rElec Dex+3}
 12089 | Lair:3   | 12089 ||| RETREATING.
 12273 | Lair:3   | 12273 ||| INVOKING Heroism.
 12274 | Lair:3   | 12274 ||| INVOKING Finesse.
 12507 | Lair:3   | 12507 ||| DROPPING scarf of invisibility.
 12540 | Lair:4   | 12540 ||| INVOKING Heroism.
 12550 | Lair:4   | Reached skill level 6 in Dodging
 12612 | Lair:4   | 12612 ||| FLEEEEING.
 12620 | Lair:4   | Noticed Snorg
 12621 | Lair:4   | 12621 ||| INVOKING Heroism.
 12622 | Lair:4   | 12622 ||| INVOKING Finesse.
 12628 | Lair:4   | Killed Snorg
 12680 | Lair:4   | Found a staircase to the Slime Pits.
 12680 | Lair:4   | Found a viscous altar of Jiyva.
 12797 | Lair:4   | 12797 ||| INVOKING Heroism.
 12829 | Lair:4   | 12829 ||| RETREATING.
 13075 | Lair:4   | 13075 ||| INVOKING Heroism.
 13103 | Lair:4   | 13103 ||| RETREATING.
 13105 | Lair:4   | 13105 ||| INVOKING Finesse.
 13125 | Lair:4   | Received a gift from Okawaru
 13167 | Lair:4   | 13167 ||| RETREATING.
 13171 | Lair:4   | 13171 ||| Stepping ~*~*~tactically~*~*~ (retreating).
 13186 | Lair:4   | Reached skill level 18 in Ranged Weapons
 13187 | Lair:4   | 13187 ||| Stepping ~*~*~tactically~*~*~ (retreating).
 13188 | Lair:4   | 13188 ||| Stepping ~*~*~tactically~*~*~ (retreating).
 13189 | Lair:4   | 13189 ||| Stepping ~*~*~tactically~*~*~ (retreating).
 13190 | Lair:4   | 13190 ||| Stepping ~*~*~tactically~*~*~ (retreating).
 13200 | Lair:4   | 13200 ||| INVOKING Heroism.
 13331 | Lair:4   | 13331 ||| INVOKING Heroism.
 13332 | Lair:4   | 13332 ||| INVOKING Finesse.
 13350 | Lair:4   | Gained mutation: Your large and strong wings let you fly.
                  | [Gargoyle growth]
 13350 | Lair:4   | Reached XP level 14. HP: 82/90 MP: 14/21
 13386 | Lair:4   | 13386 ||| DROPPING +9 orcbow "Qaif" {flame, Fly rF- rCorr}.
 13509 | Lair:4   | 13509 ||| INVOKING Heroism.
 13510 | Lair:4   | 13510 ||| INVOKING Finesse.
 13566 | Lair:4   | Identified the +3 falchion of Destiny {heavy, Will+}
 13686 | Lair:4   | 13686 ||| DROPPING +2 cloak of preservation.
 13687 | Lair:4   | 13687 ||| UPGRADING to +0 pair of gloves of dexterity.
 13692 | Lair:4   | 13692 ||| DROPPING ring of positive energy.
 13693 | Lair:4   | 13693 ||| UPGRADING to +5 ring of evasion.
 13720 | Lair:5   | Entered Level 5 of the Lair of Beasts
 13721 | Lair:5   | 13721 ||| STAIRDANCE
 13723 | Lair:4   | 13723 ||| INVOKING Heroism.
 13766 | Lair:5   | 13766 ||| STAIRDANCE
 13768 | Lair:4   | 13768 ||| Stepping ~*~*~tactically~*~*~ (retreating).
 13769 | Lair:4   | 13769 ||| Stepping ~*~*~tactically~*~*~ (retreating).
 13770 | Lair:4   | 13770 ||| INVOKING Finesse.
 13777 | Lair:4   | Reached skill level 12 in Fighting
 13779 | Lair:4   | Received a gift from Okawaru
 13782 | Lair:4   | HP: 20/92 [death yak (22)]
 13783 | Lair:4   | 13783 ||| READING 9 scrolls of teleportation.
 13784 | Lair:4   | 13784 ||| DRINKING potion of heal wounds.
 13785 | Lair:4   | 13785 ||| INVOKING Heroism.
 13964 | Lair:4   | 13964 ||| INVOKING Heroism.
 13977 | Lair:4   | 13977 ||| INVOKING Finesse.
 13978 | Lair:4   | 13978 ||| INVOKING Finesse.
 14039 | Lair:4   | 14039 ||| SWAPPING to +2 longbow of electrocution.
 14040 | Lair:4   | 14040 ||| DROPPING +1 longbow of electrocution.
 14045 | Lair:5   | 14045 ||| STAIRDANCE
 14047 | Lair:4   | 14047 ||| INVOKING Heroism.
 14244 | Lair:5   | 14244 ||| STAIRDANCE
 14246 | Lair:4   | 14246 ||| INVOKING Heroism.
 14372 | Lair:5   | 14372 ||| STAIRDANCE
 14374 | Lair:4   | 14374 ||| INVOKING Heroism.
 14458 | Lair:5   | 14458 ||| STAIRDANCE
 14474 | Lair:5   | Reached skill level 6 in Armour
 14544 | Lair:5   | 14544 ||| INVOKING Heroism.
 14583 | Lair:5   | 14583 ||| READING scroll of enchant weapon.
 14583 | Lair:5   | 14583 ||| ENCHANTING +2 longbow of electrocution.
 14701 | Lair:5   | 14701 ||| RETREATING.
 14718 | Lair:5   | 14718 ||| INVOKING Heroism.
 14738 | Lair:5   | 14738 ||| RETREATING.
 14741 | Lair:5   | 14741 ||| Stepping ~*~*~tactically~*~*~ (retreating).
 14742 | Lair:5   | 14742 ||| Stepping ~*~*~tactically~*~*~ (retreating).
 14743 | Lair:5   | 14743 ||| Stepping ~*~*~tactically~*~*~ (retreating).
 14745 | Lair:5   | 14745 ||| Stepping ~*~*~tactically~*~*~ (retreating).
 14985 | Lair:5   | 14985 ||| RETREATING.
 15095 | Lair:5   | 15095 ||| FLEEEEING.
 15098 | Lair:5   | 15098 ||| FLEEEEING.
 15099 | Lair:5   | 15099 ||| FLEEEEING.
 15100 | Lair:5   | 15100 ||| FLEEEEING.
 15101 | Lair:5   | 15101 ||| FLEEEEING.
 15102 | Lair:5   | 15102 ||| INVOKING Heroism.
 15166 | Lair:5   | Noticed Rupert
 15167 | Lair:5   | 15167 ||| INVOKING Heroism.
 15186 | Lair:5   | 15186 ||| INVOKING Finesse.
 15196 | Lair:5   | Killed Rupert
 15359 | Lair:5   | 15359 ||| INVOKING Heroism.
 15362 | Lair:5   | 15362 ||| INVOKING Finesse.
 15420 | Lair:5   | 15420 ||| INVOKING Finesse.
 15424 | Lair:5   | 15424 ||| INVOKING Heroism.
 15425 | Lair:5   | 15425 ||| Stepping ~*~*~tactically~*~*~ (retreating).
 15426 | Lair:5   | 15426 ||| Stepping ~*~*~tactically~*~*~ (retreating).
 15428 | Lair:5   | 15428 ||| Stepping ~*~*~tactically~*~*~ (retreating).
 15429 | Lair:5   | 15429 ||| Stepping ~*~*~tactically~*~*~ (retreating).
 15430 | Lair:5   | 15430 ||| Stepping ~*~*~tactically~*~*~ (retreating).
 15486 | Lair:5   | 15486 ||| INVOKING Heroism.
 15493 | Lair:5   | Noticed a dire elephant
 15494 | Lair:5   | 15494 ||| RETREATING.
 15514 | Lair:5   | 15514 ||| INVOKING Heroism.
 15520 | Lair:5   | Killed a dire elephant
 15573 | Lair:5   | 15573 ||| RETREATING.
 15575 | Lair:5   | 15575 ||| INVOKING Heroism.
 15577 | Lair:5   | 15577 ||| Stepping ~*~*~tactically~*~*~ (retreating).
 15579 | Lair:5   | 15579 ||| Stepping ~*~*~tactically~*~*~ (retreating).
 15582 | Lair:5   | Reached skill level 13 in Fighting
 15582 | Lair:5   | 15582 ||| Stepping ~*~*~tactically~*~*~ (retreating).
 15645 | Lair:5   | 15645 ||| INVOKING Heroism.
 15655 | Lair:5   | 15655 ||| RETREATING.
 15670 | Lair:5   | Reached XP level 15. HP: 97/98 MP: 22/22
 15795 | Lair:5   | 15795 ||| INVOKING Heroism.
 15808 | Lair:5   | 15808 ||| Stepping ~*~*~tactically~*~*~ (cloud).
 15947 | Lair:5   | 15947 ||| READING scroll of enchant armour.
 15947 | Lair:5   | 15947 ||| ENCHANTING +0 pair of gloves of dexterity.
 15950 | Lair:5   | 15950 ||| READING scroll of brand weapon.
 15950 | Lair:5   | 15950 ||| BRANDING +3 longbow of electrocution.
 15976 | Lair:5   | 15976 ||| PLANNING D
 15976 | Lair:5   | 15976 ||| DROPPING ring of wizardry.
 16344 | D:12     | 16344 ||| Stepping ~*~*~tactically~*~*~ (outnumbered).
 16346 | D:12     | 16346 ||| Stepping ~*~*~tactically~*~*~ (outnumbered).
 16355 | D:12     | 16355 ||| Stepping ~*~*~tactically~*~*~ (outnumbered).
 16396 | D:12     | 16396 ||| RETREATING.
 16638 | D:12     | 16638 ||| Stepping ~*~*~tactically~*~*~ (outnumbered).
 16640 | D:12     | 16640 ||| Stepping ~*~*~tactically~*~*~ (outnumbered).
 16793 | D:12     | 16793 ||| Stepping ~*~*~tactically~*~*~ (outnumbered).
 16796 | D:12     | 16796 ||| Stepping ~*~*~tactically~*~*~ (outnumbered).
 16799 | D:12     | 16799 ||| Stepping ~*~*~tactically~*~*~ (outnumbered).
 16967 | D:12     | 16967 ||| DROPPING amulet of magic regeneration.
 17093 | D:13     | Identified the +1 pair of boots "Xirag" {*Slow rN++ Slay+3}
                  | (Okawaru gifted it to you on level 13 of the Dungeon)
 17093 | D:13     | Received a gift from Okawaru
 17167 | D:13     | 17167 ||| Stepping ~*~*~tactically~*~*~ (outnumbered).
 17168 | D:13     | 17168 ||| Stepping ~*~*~tactically~*~*~ (outnumbered).
 17198 | D:13     | 17198 ||| INVOKING Heroism.
 17201 | D:13     | 17201 ||| Stepping ~*~*~tactically~*~*~ (outnumbered).
 17204 | D:13     | 17204 ||| Stepping ~*~*~tactically~*~*~ (outnumbered).
 17207 | D:13     | 17207 ||| Stepping ~*~*~tactically~*~*~ (outnumbered).
 17304 | D:13     | Found a gate to the Vaults.
 17377 | D:13     | 17377 ||| INVOKING Heroism.
 17378 | D:13     | 17378 ||| Stepping ~*~*~tactically~*~*~ (retreating).
 17893 | D:13     | 17893 ||| UPGRADING to +1 pair of boots "Xirag" {*Slow rN++
                  | Slay+3}.
 17903 | D:13     | 17903 ||| DROPPING +0 pair of boots.
 17904 | D:13     | 17904 ||| READING 2 scrolls labelled UBBOAM CUNG.
 17905 | D:13     | 17905 ||| DROPPING scroll of revelation.
 17911 | D:14     | 17911 ||| PLANNING GAUNTLET
 18040 | D:14     | 18040 ||| INVOKING Heroism.
 18045 | D:14     | Reached skill level 9 in Dodging
 18057 | D:14     | Found a gate leading to a gauntlet.
 18065 | Gauntlet | Entered a Gauntlet
 18065 | Gauntlet | Found a transporter.
 18065 | Gauntlet | Found a transporter.
 18081 | Gauntlet | Found a transporter.
 18088 | Gauntlet | Found a runed translucent door.
 18096 | Gauntlet | Found a transporter.
 18096 | Gauntlet | Found a transporter.
 18096 | Gauntlet | Found a transporter.
 18099 | Gauntlet | Found a transporter.
 18099 | Gauntlet | Found a transporter.
 18112 | Gauntlet | Found a transporter.
 18123 | Gauntlet | Found the +10 morningstar "Eos" {elec, Halo rElec}
 18131 | Gauntlet | Found a transporter.
 18141 | Gauntlet | Found a transporter.
 18156 | Gauntlet | Found a transporter.
 18176 | Gauntlet | Found a transporter.
 18192 | Gauntlet | Found a transporter.
 18248 | Gauntlet | 18248 ||| READING scroll labelled EDUUCOURUE.
 18254 | Gauntlet | 18254 ||| RETREATING.
 18293 | Gauntlet | 18293 ||| UPGRADING to +2 hat.
 18303 | Gauntlet | 18303 ||| DROPPING +0 helmet.
 18320 | Gauntlet | 18320 ||| Stepping ~*~*~tactically~*~*~ (outnumbered).
 18326 | Gauntlet | 18326 ||| Stepping ~*~*~tactically~*~*~ (outnumbered).
 18348 | Gauntlet | 18348 ||| INVOKING Heroism.
 18375 | Gauntlet | Identified the +3 ring mail of Dasoam {Will++}
 18375 | Gauntlet | Identified the +7 trident "Vusi" {vamp, Dex+4}
 18391 | Gauntlet | 18391 ||| UPGRADING to +3 ring mail of Dasoam {Will++}.
 18401 | Gauntlet | 18401 ||| DROPPING ring of positive energy.
 18402 | Gauntlet | 18402 ||| DROPPING ring of resist corrosion.
 18415 | D:14     | 18415 ||| PLANNING D
 18425 | D:14     | Noticed a fire giant
 18428 | D:14     | Noticed Nouqea's ghost (journeyman GrFi)
 18435 | D:14     | Found a transporter.
 18570 | D:14     | 18570 ||| INVOKING Finesse.
 18796 | D:14     | Found a transporter.
 18806 | D:14     | 18806 ||| INVOKING Heroism.
 19243 | D:15     | Entered Level 15 of the Dungeon
 19284 | D:15     | 19284 ||| Stepping ~*~*~tactically~*~*~ (retreating).
 19295 | D:15     | Received a gift from Okawaru
 19326 | D:15     | 19326 ||| INVOKING Heroism.
 19560 | D:15     | Found a staircase to the Depths.
 19627 | D:15     | 19627 ||| INVOKING Heroism.
 19633 | D:15     | 19633 ||| Stepping ~*~*~tactically~*~*~ (retreating).
 19641 | D:15     | Reached skill level 14 in Fighting
 19641 | D:15     | Reached XP level 16. HP: 95/106 MP: 23/23
 19700 | D:15     | 19700 ||| INVOKING Heroism.
 20015 | D:15     | Reached skill level 9 in Armour
 20016 | D:15     | 20016 ||| Stepping randomly (disturbance).
 20032 | D:15     | Identified the +6 trident "Hon Inwa" {drain, rN+ SInv}
 20266 | D:15     | Found a hazy altar of Hepliaklqana.
 20267 | D:15     | 20267 ||| PLANNING ORC
 20439 | Orc:1    | Entered Level 1 of the Orcish Mines
 20448 | Orc:1    | 20448 ||| STAIRDANCE
 20499 | Orc:1    | Noticed Erolcha
 20501 | Orc:1    | Killed Erolcha
 20699 | Orc:1    | 20699 ||| Stepping ~*~*~tactically~*~*~ (outnumbered).
 20742 | Orc:1    | 20742 ||| INVOKING Heroism.
 20976 | Orc:2    | Entered Level 2 of the Orcish Mines
 20983 | Orc:2    | Found a staircase to the Elven Halls.
 20984 | Orc:2    | Found a runed translucent door.
 20987 | Orc:2    | Identified the +0 ring mail of the Pleiades {rN+++ Int+3
                  | Dex-5 SInv} (Okawaru gifted it to you on level 2 of the
                  | Orcish Mines)
 20987 | Orc:2    | Received a gift from Okawaru
 21010 | Orc:2    | 21010 ||| INVOKING Heroism.
 21016 | Orc:2    | Reached skill level 15 in Fighting
 21146 | Orc:2    | Found Xysisch's Assorted Antiques.
 21147 | Orc:2    | 21147 ||| RETREATING.
 21161 | Orc:2    | 21161 ||| Stepping ~*~*~tactically~*~*~ (retreating).
 21162 | Orc:2    | 21162 ||| INVOKING Heroism.
 21208 | Orc:2    | 21208 ||| RETREATING.
 21215 | Orc:2    | 21215 ||| Stepping ~*~*~tactically~*~*~ (retreating).
 21217 | Orc:2    | 21217 ||| Stepping ~*~*~tactically~*~*~ (retreating).
 21252 | Orc:2    | Reached skill level 16 in Fighting
 21265 | Orc:2    | 21265 ||| RETREATING.
 21291 | Orc:2    | 21291 ||| INVOKING Heroism.
 21315 | Orc:2    | Found Epasuam's Antique Armour Shoppe.
 21316 | Orc:2    | Found Poiczy Muat's Jewellery Emporium.
 21316 | Orc:2    | Found Ovyigg's Jewellery Boutique.
 21323 | Orc:2    | 21323 ||| BUYING bone longbow (264 gold).
 21323 | Orc:2    | Bought a bone longbow for 264 gold pieces
 21323 | Orc:2    | Identified the +7 longbow of Eckedext {drain, Will++} (You
                  | bought it in a shop on level 2 of the Orcish Mines)
 21323 | Orc:2    | 21323 ||| BUYING potion of enlightenment (115 gold).
 21323 | Orc:2    | Bought a potion of enlightenment for 115 gold pieces
 21323 | Orc:2    | 21323 ||| BUYING scroll of teleportation (69 gold).
 21323 | Orc:2    | Bought a scroll of teleportation for 69 gold pieces
 21323 | Orc:2    | 21323 ||| BUYING wand of digging (3) (289 gold).
 21323 | Orc:2    | Bought a wand of digging (3) for 289 gold pieces
 21323 | Orc:2    | 21323 ||| SWAPPING to +7 longbow of Eckedext {drain,
                  | Will++}.
 21324 | Orc:2    | 21324 ||| REMOVING ring of willpower.
 21325 | Orc:2    | 21325 ||| DROPPING +3 longbow of freezing.
 21327 | Orc:2    | 21327 ||| BUYING +4 ring of slaying (1170 gold).
 21327 | Orc:2    | Bought a +4 ring of slaying for 1170 gold pieces
 21327 | Orc:2    | 21327 ||| BUYING amulet of regeneration (450 gold).
 21327 | Orc:2    | Bought an amulet of regeneration for 450 gold pieces
 21327 | Orc:2    | 21327 ||| BUYING ring of fire (375 gold).
 21327 | Orc:2    | Bought a ring of fire for 375 gold pieces
 21327 | Orc:2    | 21327 ||| SHOPLISTING ring of protection from fire (375
                  | gold, have 130).
 21328 | Orc:2    | 21328 ||| SHOPLISTING amulet of faith (440 gold, have 130).
 21328 | Orc:2    | 21328 ||| SHOPLISTING ring of fire (275 gold, have 130).
 21329 | Orc:2    | 21329 ||| SHOPLISTING pair of runed gloves (277 gold, have
                  | 130).
 21554 | Orc:2    | 21554 ||| PLANNING SHOALS:1-3
 21554 | Orc:2    | 21554 ||| DROPPING +0 ring mail of the Pleiades {rN+++
                  | Int+3 Dex-5 SInv}.
 21555 | Orc:2    | 21555 ||| DROPPING amulet of the acrobat.
 21556 | Orc:2    | 21556 ||| UPGRADING to ring of protection from cold.
 21557 | Orc:2    | 21557 ||| DROPPING ring of willpower.
 21558 | Orc:2    | 21558 ||| DROPPING +6 ring of strength.
 21559 | Orc:2    | 21559 ||| UPGRADING to +4 ring of slaying {mikee}.
 21561 | Orc:2    | 21561 ||| DROPPING ring of protection from cold.
 21759 | Shoals:1 | Entered Level 1 of the Shoals
 21760 | Shoals:1 | 21760 ||| INVOKING Heroism.
 21925 | Shoals:1 | 21925 ||| RETREATING.
 21930 | Shoals:1 | 21930 ||| Stepping ~*~*~tactically~*~*~ (outnumbered).
 21932 | Shoals:1 | 21932 ||| Stepping ~*~*~tactically~*~*~ (outnumbered).
 21933 | Shoals:1 | 21933 ||| Stepping ~*~*~tactically~*~*~ (outnumbered).
 21934 | Shoals:1 | 21934 ||| Stepping ~*~*~tactically~*~*~ (outnumbered).
 21935 | Shoals:1 | 21935 ||| Stepping ~*~*~tactically~*~*~ (outnumbered).
 21937 | Shoals:1 | 21937 ||| Stepping ~*~*~tactically~*~*~ (outnumbered).
 21938 | Shoals:1 | 21938 ||| Stepping ~*~*~tactically~*~*~ (outnumbered).
 21977 | Shoals:1 | Reached ****** piety under Okawaru
 22195 | Shoals:1 | 22195 ||| Stepping ~*~*~tactically~*~*~ (outnumbered).
 22197 | Shoals:1 | 22197 ||| Stepping ~*~*~tactically~*~*~ (outnumbered).
 22199 | Shoals:1 | 22199 ||| Stepping ~*~*~tactically~*~*~ (outnumbered).
 22201 | Shoals:1 | 22201 ||| Stepping ~*~*~tactically~*~*~ (outnumbered).
 22203 | Shoals:1 | 22203 ||| Stepping ~*~*~tactically~*~*~ (outnumbered).
 22206 | Shoals:1 | 22206 ||| Stepping ~*~*~tactically~*~*~ (outnumbered).
 22214 | Shoals:1 | 22214 ||| INVOKING Heroism.
 22224 | Shoals:1 | 22224 ||| Stepping ~*~*~tactically~*~*~ (outnumbered).
 22230 | Shoals:1 | 22230 ||| Stepping ~*~*~tactically~*~*~ (outnumbered).
 22236 | Shoals:1 | 22236 ||| INVOKING Finesse.
 22243 | Shoals:1 | Received a gift from Okawaru
 22287 | Shoals:1 | Reached XP level 17. HP: 116/116 MP: 24/24
 22290 | Shoals:1 | 22290 ||| Stepping ~*~*~tactically~*~*~ (outnumbered).
 22291 | Shoals:1 | 22291 ||| Stepping ~*~*~tactically~*~*~ (outnumbered).
 22292 | Shoals:1 | 22292 ||| Stepping ~*~*~tactically~*~*~ (outnumbered).
 22305 | Shoals:1 | 22305 ||| READING scroll of enchant armour.
 22305 | Shoals:1 | 22305 ||| ENCHANTING +1 pair of gloves of dexterity.
 22601 | Shoals:2 | 22601 ||| INVOKING Heroism.
 22607 | Shoals:2 | Reached skill level 17 in Fighting
 22678 | Shoals:2 | Noticed Kirke
 22684 | Shoals:2 | 22684 ||| RETREATING.
 22696 | Shoals:2 | Killed Kirke
 22700 | Shoals:2 | 22700 ||| FLEEEEING.
 22701 | Shoals:2 | 22701 ||| FLEEEEING.
 22702 | Shoals:2 | 22702 ||| FLEEEEING.
 22703 | Shoals:2 | 22703 ||| FLEEEEING.
 22704 | Shoals:2 | 22704 ||| FLEEEEING.
 22705 | Shoals:2 | 22705 ||| Stepping ~*~*~tactically~*~*~ (outnumbered).
 22708 | Shoals:2 | 22708 ||| Stepping ~*~*~tactically~*~*~ (outnumbered).
 22709 | Shoals:2 | 22709 ||| Stepping ~*~*~tactically~*~*~ (outnumbered).
 22711 | Shoals:2 | 22711 ||| Stepping ~*~*~tactically~*~*~ (outnumbered).
 22798 | Shoals:2 | 22798 ||| INVOKING Heroism.
 22858 | Shoals:2 | Noticed a kraken
 22863 | Shoals:2 | Killed a kraken
 22912 | Shoals:2 | 22912 ||| INVOKING Heroism.
 23009 | Shoals:2 | 23009 ||| INVOKING Heroism.
 23390 | Shoals:2 | 23390 ||| DROPPING +1 cloak.
 23422 | Shoals:3 | Noticed Polyphemus
 23422 | Shoals:3 | 23422 ||| RETREATING.
 23427 | Shoals:3 | 23427 ||| INVOKING Heroism.
 23428 | Shoals:3 | 23428 ||| Stepping ~*~*~tactically~*~*~ (retreating).
 23436 | Shoals:3 | 23436 ||| INVOKING Finesse.
 23438 | Shoals:3 | 23438 ||| Stepping ~*~*~tactically~*~*~ (retreating).
 23441 | Shoals:3 | Reached skill level 18 in Fighting
 23444 | Shoals:3 | Killed Polyphemus
 23719 | Shoals:3 | 23719 ||| INVOKING Heroism.
 23720 | Shoals:3 | 23720 ||| INVOKING Finesse.
 24155 | Shoals:3 | 24155 ||| INVOKING Heroism.
 24156 | Shoals:3 | 24156 ||| INVOKING Finesse.
 24180 | Shoals:3 | 24180 ||| INVOKING Finesse.
 24303 | Shoals:3 | 24303 ||| PLANNING SPIDER:1-3
 24303 | Shoals:3 | 24303 ||| DROPPING ring of fire.
 24438 | Spider:1 | Entered Level 1 of the Spider Nest
 24498 | Spider:1 | 24498 ||| Stepping ~*~*~tactically~*~*~ (outnumbered).
 24502 | Spider:1 | 24502 ||| Stepping ~*~*~tactically~*~*~ (retreating).
 24505 | Spider:1 | Identified the +8 shortbow of Xuqyshio {freeze, rElec rC-
                  | Str+3} (Okawaru gifted it to you on level 1 of the Spider
                  | Nest)
 24505 | Spider:1 | Received a gift from Okawaru
 24511 | Spider:1 | 24511 ||| Stepping ~*~*~tactically~*~*~ (outnumbered).
 24513 | Spider:1 | 24513 ||| Stepping ~*~*~tactically~*~*~ (outnumbered).
 24514 | Spider:1 | 24514 ||| Stepping ~*~*~tactically~*~*~ (retreating).
 24517 | Spider:1 | 24517 ||| Stepping ~*~*~tactically~*~*~ (retreating).
 24518 | Spider:1 | 24518 ||| Stepping ~*~*~tactically~*~*~ (retreating).
 24522 | Spider:1 | 24522 ||| Stepping ~*~*~tactically~*~*~ (outnumbered).
 24523 | Spider:1 | 24523 ||| INVOKING Heroism.
 24687 | Spider:1 | 24687 ||| Stepping ~*~*~tactically~*~*~ (outnumbered).
 24888 | Spider:1 | 24888 ||| INVOKING Finesse.
 24890 | Spider:1 | 24890 ||| RETREATING.
 24909 | Spider:1 | 24909 ||| Stepping ~*~*~tactically~*~*~ (retreating).
 24911 | Spider:1 | 24911 ||| Stepping ~*~*~tactically~*~*~ (retreating).
 24912 | Spider:1 | 24912 ||| Stepping ~*~*~tactically~*~*~ (retreating).
 25082 | Spider:1 | Received a gift from Okawaru
 25117 | Spider:1 | 25117 ||| SWAPPING to +5 triple crossbow.
 25118 | Spider:1 | 25118 ||| DROPPING +7 longbow of Eckedext {drain, Will++}.
 25119 | Spider:1 | 25119 ||| READING 4 scrolls of enchant weapon.
 25119 | Spider:1 | 25119 ||| ENCHANTING +5 triple crossbow.
 25120 | Spider:1 | 25120 ||| READING 3 scrolls of enchant weapon.
 25120 | Spider:1 | 25120 ||| ENCHANTING +6 triple crossbow.
 25121 | Spider:1 | 25121 ||| READING 2 scrolls of enchant weapon.
 25121 | Spider:1 | 25121 ||| ENCHANTING +7 triple crossbow.
 25122 | Spider:1 | 25122 ||| READING scroll of enchant weapon.
 25122 | Spider:1 | 25122 ||| ENCHANTING +8 triple crossbow.
 25201 | Spider:1 | 25201 ||| INVOKING Heroism.
 25410 | Spider:1 | 25410 ||| RETREATING.
 25411 | Spider:1 | 25411 ||| Stepping ~*~*~tactically~*~*~ (retreating).
 25413 | Spider:1 | 25413 ||| INVOKING Finesse.
 25738 | Spider:1 | 25738 ||| INVOKING Heroism.
 25785 | Spider:1 | 25785 ||| READING scroll of brand weapon.
 25785 | Spider:1 | 25785 ||| BRANDING +9 triple crossbow.
 25865 | Spider:2 | 25865 ||| INVOKING Heroism.
 25943 | Spider:2 | Identified the ring of Kikhaoph {MP+9 Str-2 Dex+6 Slay-4
                  | Stlth+}
 25997 | Spider:2 | 25997 ||| INVOKING Heroism.
 26001 | Spider:2 | 26001 ||| RETREATING.
 26006 | Spider:2 | 26006 ||| Stepping ~*~*~tactically~*~*~ (retreating).
 26007 | Spider:2 | 26007 ||| Stepping ~*~*~tactically~*~*~ (retreating).
 26008 | Spider:2 | 26008 ||| Stepping ~*~*~tactically~*~*~ (retreating).
 26010 | Spider:2 | 26010 ||| Stepping ~*~*~tactically~*~*~ (retreating).
 26058 | Spider:2 | 26058 ||| INVOKING Finesse.
 26077 | Spider:2 | 26077 ||| INVOKING Heroism.
 26122 | Spider:2 | Reached XP level 18. HP: 125/125 MP: 25/25
 26255 | Spider:2 | 26255 ||| INVOKING Heroism.
 26258 | Spider:2 | Noticed Arachne
 26260 | Spider:2 | 26260 ||| Stepping ~*~*~tactically~*~*~ (retreating).
 26272 | Spider:2 | Killed Arachne
 26273 | Spider:2 | Reached skill level 21 in Ranged Weapons
 26274 | Spider:2 | Received a gift from Okawaru
 26316 | Spider:2 | 26316 ||| INVOKING Heroism.
 26550 | Spider:2 | 26550 ||| DROPPING ring of Kikhaoph {MP+9 Str-2 Dex+6
                  | Slay-4 Stlth+}.
 26580 | Spider:3 | 26580 ||| RETREATING.
 26581 | Spider:3 | 26581 ||| STAIRDANCE
 26586 | Spider:3 | 26586 ||| STAIRDANCE
 26600 | Spider:3 | 26600 ||| STAIRDANCE
 26602 | Spider:2 | 26602 ||| INVOKING Heroism.
 26651 | Spider:3 | 26651 ||| INVOKING Heroism.
 26679 | Spider:3 | Received a gift from Okawaru
 26709 | Spider:3 | 26709 ||| FLEEEEING.
 26710 | Spider:3 | 26710 ||| FLEEEEING.
 26711 | Spider:3 | 26711 ||| FLEEEEING.
 26712 | Spider:3 | 26712 ||| FLEEEEING.
 26713 | Spider:3 | 26713 ||| FLEEEEING.
 26714 | Spider:3 | 26714 ||| FLEEEEING.
 26715 | Spider:3 | 26715 ||| FLEEEEING.
 26716 | Spider:3 | 26716 ||| FLEEEEING.
 26717 | Spider:3 | 26717 ||| FLEEEEING.
 26718 | Spider:3 | 26718 ||| FLEEEEING.
 26751 | Spider:3 | 26751 ||| Stepping ~*~*~tactically~*~*~ (retreating).
 26752 | Spider:3 | 26752 ||| INVOKING Heroism.
 26968 | Spider:3 | 26968 ||| RETREATING.
 26972 | Spider:3 | 26972 ||| INVOKING Finesse.
 26975 | Spider:3 | 26975 ||| Stepping ~*~*~tactically~*~*~ (retreating).
 27016 | Spider:3 | Noticed Agnes
 27017 | Spider:3 | 27017 ||| INVOKING Heroism.
 27018 | Spider:3 | Killed Agnes
 27227 | Spider:3 | 27227 ||| INVOKING Heroism.
 27314 | Spider:3 | 27314 ||| PLANNING SHOALS:4
 27487 | Shoals:4 | Entered Level 4 of the Shoals
 27635 | Shoals:4 | 27635 ||| INVOKING Heroism.
 27704 | Shoals:4 | 27704 ||| RETREATING.
 27707 | Shoals:4 | 27707 ||| Stepping ~*~*~tactically~*~*~ (outnumbered).
 27910 | Shoals:4 | 27910 ||| INVOKING Heroism.
 27911 | Shoals:4 | 27911 ||| INVOKING Finesse.
 27949 | Shoals:4 | 27949 ||| Stepping ~*~*~tactically~*~*~ (outnumbered).
 27950 | Shoals:4 | 27950 ||| Stepping ~*~*~tactically~*~*~ (outnumbered).
 27951 | Shoals:4 | 27951 ||| Stepping ~*~*~tactically~*~*~ (outnumbered).
 27971 | Shoals:4 | 27971 ||| RETREATING.
 27979 | Shoals:4 | 27979 ||| INVOKING Heroism.
 27981 | Shoals:4 | 27981 ||| INVOKING Finesse.
 28002 | Shoals:4 | Reached skill level 19 in Fighting
 28015 | Shoals:4 | 28015 ||| INVOKING Heroism.
 28032 | Shoals:4 | 28032 ||| Stepping ~*~*~tactically~*~*~ (retreating).
 28033 | Shoals:4 | 28033 ||| Stepping ~*~*~tactically~*~*~ (retreating).
 28035 | Shoals:4 | 28035 ||| Stepping ~*~*~tactically~*~*~ (retreating).
 28036 | Shoals:4 | 28036 ||| Stepping ~*~*~tactically~*~*~ (retreating).
 28036 | Shoals:4 | Found a glowing golden altar of the Shining One.
 28037 | Shoals:4 | 28037 ||| Stepping ~*~*~tactically~*~*~ (retreating).
 28110 | Shoals:4 | Received a gift from Okawaru
 28214 | Shoals:4 | Got a barnacled rune of Zot
 28325 | Shoals:4 | Found a white marble altar of Elyvilon.
 28326 | Shoals:4 | 28326 ||| RETREATING.
 28327 | Shoals:4 | 28327 ||| Stepping ~*~*~tactically~*~*~ (outnumbered).
 28328 | Shoals:4 | 28328 ||| INVOKING Heroism.
 28329 | Shoals:4 | 28329 ||| RETREATING.
 28337 | Shoals:4 | 28337 ||| INVOKING Finesse.
 28342 | Shoals:4 | 28342 ||| Stepping ~*~*~tactically~*~*~ (retreating).
 28343 | Shoals:4 | 28343 ||| Stepping ~*~*~tactically~*~*~ (retreating).
 28344 | Shoals:4 | 28344 ||| Stepping ~*~*~tactically~*~*~ (retreating).
 28345 | Shoals:4 | 28345 ||| Stepping ~*~*~tactically~*~*~ (retreating).
 28347 | Shoals:4 | 28347 ||| Stepping ~*~*~tactically~*~*~ (outnumbered).
 28351 | Shoals:4 | 28351 ||| Stepping ~*~*~tactically~*~*~ (outnumbered).
 28394 | Shoals:4 | 28394 ||| Stepping ~*~*~tactically~*~*~ (outnumbered).
 28395 | Shoals:4 | 28395 ||| Stepping ~*~*~tactically~*~*~ (outnumbered).
 28400 | Shoals:4 | 28400 ||| RETREATING.
 28408 | Shoals:4 | 28408 ||| Stepping ~*~*~tactically~*~*~ (cloud).
 28416 | Shoals:4 | 28416 ||| INVOKING Heroism.
 28487 | Shoals:4 | Identified the ring "Mojuti" {Fire Dex+4}
 28554 | Shoals:4 | Found a glowing silver altar of Zin.
 28555 | Shoals:4 | 28555 ||| RETREATING.
 28556 | Shoals:4 | 28556 ||| INVOKING Heroism.
 28559 | Shoals:4 | Reached skill level 12 in Dodging
 28562 | Shoals:4 | 28562 ||| Stepping ~*~*~tactically~*~*~ (outnumbered).
 28563 | Shoals:4 | 28563 ||| Stepping ~*~*~tactically~*~*~ (retreating).
 28566 | Shoals:4 | 28566 ||| Stepping ~*~*~tactically~*~*~ (outnumbered).
 28567 | Shoals:4 | 28567 ||| Stepping ~*~*~tactically~*~*~ (retreating).
 28568 | Shoals:4 | 28568 ||| INVOKING Finesse.
 28571 | Shoals:4 | 28571 ||| Stepping ~*~*~tactically~*~*~ (outnumbered).
 28572 | Shoals:4 | 28572 ||| Stepping ~*~*~tactically~*~*~ (outnumbered).
 28806 | Shoals:4 | Identified the +8 great mace "Dragon's Tongue" {elec, Int+4
                  | Dex-5}
 28935 | Shoals:4 | 28935 ||| PLANNING VAULTS:1-4
 28935 | Shoals:4 | 28935 ||| UPGRADING to ring "Mojuti" {Fire Dex+4}.
 28937 | Shoals:4 | 28937 ||| DROPPING ring of fire.
 29200 | Vaults:1 | Entered Level 1 of the Vaults
 29249 | Vaults:1 | Reached XP level 19. HP: 132/132 MP: 26/26
 29252 | Vaults:1 | 29252 ||| INVOKING Finesse.
 29356 | Vaults:1 | 29356 ||| RETREATING.
 29357 | Vaults:1 | 29357 ||| Stepping ~*~*~tactically~*~*~ (retreating).
 29393 | Vaults:1 | 29393 ||| INVOKING Heroism.
 29394 | Vaults:1 | 29394 ||| INVOKING Finesse.
 29641 | Vaults:1 | Received a gift from Okawaru
 29647 | Vaults:1 | Identified the +10 shortbow "Xod Mink" {flame, rElec Dex+2}
 29658 | Vaults:1 | 29658 ||| INVOKING Heroism.
 29659 | Vaults:1 | 29659 ||| INVOKING Finesse.
 29773 | Vaults:1 | 29773 ||| RETREATING.
 29800 | Vaults:1 | 29800 ||| FLEEEEING.
 29801 | Vaults:1 | 29801 ||| FLEEEEING.
 29802 | Vaults:1 | 29802 ||| FLEEEEING.
 29803 | Vaults:1 | 29803 ||| FLEEEEING.
 29804 | Vaults:1 | 29804 ||| FLEEEEING.
 29805 | Vaults:1 | 29805 ||| FLEEEEING.
 29806 | Vaults:1 | 29806 ||| FLEEEEING.
 29807 | Vaults:1 | 29807 ||| FLEEEEING.
 29808 | Vaults:1 | 29808 ||| FLEEEEING.
 29809 | Vaults:1 | 29809 ||| FLEEEEING.
 29810 | Vaults:1 | 29810 ||| FLEEEEING.
 29813 | Vaults:1 | 29813 ||| STAIRDANCE
 29852 | Vaults:1 | 29852 ||| STAIRDANCE
 29916 | Vaults:1 | 29916 ||| Stepping ~*~*~tactically~*~*~ (retreating).
 29917 | Vaults:1 | 29917 ||| Stepping ~*~*~tactically~*~*~ (retreating).
 29918 | Vaults:1 | 29918 ||| Stepping ~*~*~tactically~*~*~ (retreating).
 29923 | Vaults:1 | Reached skill level 12 in Armour
 30320 | Vaults:1 | 30320 ||| RETREATING.
 30372 | Vaults:1 | Received a gift from Okawaru
 30500 | Vaults:1 | 30500 ||| INVOKING Finesse.
 30746 | Vaults:1 | 30746 ||| UPGRADING to scarf of resistance.
 30812 | Vaults:2 | 30812 ||| INVOKING Heroism.
 30813 | Vaults:2 | 30813 ||| INVOKING Finesse.
 30814 | Vaults:2 | 30814 ||| RETREATING.
 30911 | Vaults:2 | 30911 ||| RETREATING.
 30925 | Vaults:2 | 30925 ||| INVOKING Heroism.
 30928 | Vaults:2 | Reached skill level 20 in Fighting
 30951 | Vaults:2 | 30951 ||| INVOKING Heroism.
 31190 | Vaults:2 | 31190 ||| Stepping ~*~*~tactically~*~*~ (outnumbered).
 31192 | Vaults:2 | 31192 ||| Stepping ~*~*~tactically~*~*~ (outnumbered).
 31194 | Vaults:2 | 31194 ||| Stepping ~*~*~tactically~*~*~ (outnumbered).
 31196 | Vaults:2 | 31196 ||| Stepping ~*~*~tactically~*~*~ (outnumbered).
 31198 | Vaults:2 | 31198 ||| Stepping ~*~*~tactically~*~*~ (outnumbered).
 31223 | Vaults:2 | 31223 ||| INVOKING Heroism.
 31372 | Vaults:2 | 31372 ||| RETREATING.
 31497 | Vaults:2 | 31497 ||| INVOKING Heroism.
 31499 | Vaults:2 | 31499 ||| RETREATING.
 31529 | Vaults:2 | 31529 ||| Stepping ~*~*~tactically~*~*~ (retreating).
 31532 | Vaults:2 | 31532 ||| Stepping ~*~*~tactically~*~*~ (retreating).
 31671 | Vaults:2 | Identified the +2 plate armour of Compassion {Stlth+}
                  | (Okawaru gifted it to you on level 2 of the Vaults)
 31671 | Vaults:2 | Received a gift from Okawaru
 31722 | Vaults:2 | 31722 ||| Stepping ~*~*~tactically~*~*~ (outnumbered).
 31733 | Vaults:2 | 31733 ||| RETREATING.
 31750 | Vaults:2 | Reached skill level 21 in Fighting
 32041 | Vaults:2 | Reached XP level 20. HP: 143/144 MP: 27/27
 32056 | Vaults:2 | 32056 ||| FLEEEEING.
 32057 | Vaults:2 | 32057 ||| FLEEEEING.
 32060 | Vaults:2 | 32060 ||| FLEEEEING.
 32099 | Vaults:2 | Found a staircase to the Crypt.
 32225 | Vaults:2 | 32225 ||| RETREATING.
 32234 | Vaults:2 | 32234 ||| INVOKING Heroism.
 32251 | Vaults:2 | 32251 ||| FLEEEEING.
 32252 | Vaults:2 | 32252 ||| FLEEEEING.
 32253 | Vaults:2 | 32253 ||| FLEEEEING.
 32254 | Vaults:2 | 32254 ||| FLEEEEING.
 32255 | Vaults:2 | 32255 ||| FLEEEEING.
 32256 | Vaults:2 | 32256 ||| FLEEEEING.
 32257 | Vaults:2 | 32257 ||| FLEEEEING.
 32258 | Vaults:2 | 32258 ||| FLEEEEING.
 32259 | Vaults:2 | 32259 ||| FLEEEEING.
 32260 | Vaults:2 | 32260 ||| FLEEEEING.
 32261 | Vaults:2 | 32261 ||| FLEEEEING.
 32262 | Vaults:2 | 32262 ||| FLEEEEING.
 32263 | Vaults:2 | 32263 ||| FLEEEEING.
 32265 | Vaults:2 | 32265 ||| FLEEEEING.
 32266 | Vaults:2 | 32266 ||| FLEEEEING.
 32267 | Vaults:2 | 32267 ||| FLEEEEING.
 32268 | Vaults:2 | 32268 ||| FLEEEEING.
 32269 | Vaults:2 | 32269 ||| FLEEEEING.
 32270 | Vaults:2 | 32270 ||| FLEEEEING.
 32271 | Vaults:2 | 32271 ||| FLEEEEING.
 32272 | Vaults:2 | 32272 ||| FLEEEEING.
 32273 | Vaults:2 | 32273 ||| FLEEEEING.
 32274 | Vaults:2 | 32274 ||| INVOKING Heroism.
 32478 | Vaults:2 | 32478 ||| Stepping ~*~*~tactically~*~*~ (outnumbered).
 32480 | Vaults:2 | 32480 ||| Stepping ~*~*~tactically~*~*~ (outnumbered).
 32481 | Vaults:2 | 32481 ||| Stepping ~*~*~tactically~*~*~ (outnumbered).
 32489 | Vaults:2 | 32489 ||| Stepping ~*~*~tactically~*~*~ (outnumbered).
 32868 | Vaults:3 | Identified the +8 chain mail "Pacwots" {-Tele Harm Rampage}
                  | (Okawaru gifted it to you on level 3 of the Vaults)
 32868 | Vaults:3 | Received a gift from Okawaru
 32925 | Vaults:3 | 32925 ||| Stepping ~*~*~tactically~*~*~ (retreating).
 32927 | Vaults:3 | 32927 ||| Stepping ~*~*~tactically~*~*~ (retreating).
 32928 | Vaults:3 | 32928 ||| Stepping ~*~*~tactically~*~*~ (retreating).
 32929 | Vaults:3 | 32929 ||| RETREATING.
 32930 | Vaults:3 | 32930 ||| Stepping ~*~*~tactically~*~*~ (retreating).
 32931 | Vaults:3 | 32931 ||| Stepping ~*~*~tactically~*~*~ (retreating).
 32932 | Vaults:3 | 32932 ||| Stepping ~*~*~tactically~*~*~ (retreating).
 32939 | Vaults:3 | 32939 ||| INVOKING Heroism.
 33088 | Vaults:3 | Identified the +5 arbalest of the Apocalypse {heavy, rElec
                  | Str-5 Dex+3}
 33149 | Vaults:3 | 33149 ||| RETREATING.
 33162 | Vaults:3 | 33162 ||| Stepping ~*~*~tactically~*~*~ (retreating).
 33163 | Vaults:3 | 33163 ||| Stepping ~*~*~tactically~*~*~ (retreating).
 33164 | Vaults:3 | 33164 ||| Stepping ~*~*~tactically~*~*~ (retreating).
 33165 | Vaults:3 | 33165 ||| Stepping ~*~*~tactically~*~*~ (retreating).
 33166 | Vaults:3 | 33166 ||| Stepping ~*~*~tactically~*~*~ (retreating).
 33183 | Vaults:3 | 33183 ||| FLEEEEING.
 33184 | Vaults:3 | 33184 ||| FLEEEEING.
 33185 | Vaults:3 | 33185 ||| FLEEEEING.
 33186 | Vaults:3 | 33186 ||| FLEEEEING.
 33187 | Vaults:3 | 33187 ||| FLEEEEING.
 33188 | Vaults:3 | 33188 ||| FLEEEEING.
 33189 | Vaults:3 | 33189 ||| FLEEEEING.
 33190 | Vaults:3 | 33190 ||| FLEEEEING.
 33191 | Vaults:3 | 33191 ||| FLEEEEING.
 33192 | Vaults:3 | 33192 ||| FLEEEEING.
 33193 | Vaults:3 | 33193 ||| FLEEEEING.
 33194 | Vaults:3 | 33194 ||| FLEEEEING.
 33626 | Vaults:3 | 33626 ||| Stepping ~*~*~tactically~*~*~ (retreating).
 33627 | Vaults:3 | 33627 ||| Stepping ~*~*~tactically~*~*~ (retreating).
 33633 | Vaults:3 | Reached skill level 22 in Fighting
 33923 | Vaults:3 | 33923 ||| INVOKING Heroism.
 33924 | Vaults:3 | 33924 ||| INVOKING Finesse.
 33926 | Vaults:3 | 33926 ||| Stepping ~*~*~tactically~*~*~ (retreating).
 33927 | Vaults:3 | 33927 ||| Stepping ~*~*~tactically~*~*~ (retreating).
 34037 | Vaults:3 | 34037 ||| RETREATING.
 34049 | Vaults:3 | 34049 ||| FLEEEEING.
 34050 | Vaults:3 | 34050 ||| FLEEEEING.
 34051 | Vaults:3 | 34051 ||| FLEEEEING.
 34052 | Vaults:3 | 34052 ||| FLEEEEING.
 34053 | Vaults:3 | 34053 ||| FLEEEEING.
 34054 | Vaults:3 | 34054 ||| FLEEEEING.
 34055 | Vaults:3 | 34055 ||| FLEEEEING.
 34056 | Vaults:3 | 34056 ||| FLEEEEING.
 34057 | Vaults:3 | 34057 ||| FLEEEEING.
 34117 | Vaults:3 | 34117 ||| INVOKING Heroism.
 34118 | Vaults:3 | 34118 ||| INVOKING Finesse.
 34119 | Vaults:3 | 34119 ||| RETREATING.
 34268 | Vaults:3 | 34268 ||| RETREATING.
 34593 | Vaults:4 | 34593 ||| RETREATING.
 34605 | Vaults:4 | Reached skill level 15 in Dodging
 34635 | Vaults:4 | 34635 ||| INVOKING Heroism.
 34667 | Vaults:4 | 34667 ||| RETREATING.
 34669 | Vaults:4 | Identified the +9 triple sword of the Enfolding Gods
                  | {heavy, rPois rC++ rN+} (Okawaru gifted it to you on level
                  | 4 of the Vaults)
 34669 | Vaults:4 | Received a gift from Okawaru
 34681 | Vaults:4 | 34681 ||| Stepping ~*~*~tactically~*~*~ (retreating).
 34682 | Vaults:4 | 34682 ||| Stepping ~*~*~tactically~*~*~ (retreating).
 34683 | Vaults:4 | 34683 ||| Stepping ~*~*~tactically~*~*~ (retreating).
 34684 | Vaults:4 | 34684 ||| Stepping ~*~*~tactically~*~*~ (retreating).
 34685 | Vaults:4 | 34685 ||| Stepping ~*~*~tactically~*~*~ (retreating).
 34690 | Vaults:4 | 34690 ||| INVOKING Heroism.
 34692 | Vaults:4 | 34692 ||| Stepping ~*~*~tactically~*~*~ (retreating).
 34965 | Vaults:4 | Found Diylului's General Store.
 34974 | Vaults:4 | 34974 ||| BUYING +2 helmet of the Rose {Str+5} (512 gold).
 34974 | Vaults:4 | Bought the +2 helmet of the Rose {Str+5} for 512 gold
                  | pieces
 35096 | Vaults:4 | 35096 ||| RETREATING.
 35103 | Vaults:4 | 35103 ||| RETREATING.
 35105 | Vaults:4 | 35105 ||| Stepping ~*~*~tactically~*~*~ (retreating).
 35106 | Vaults:4 | 35106 ||| Stepping ~*~*~tactically~*~*~ (retreating).
 35267 | Vaults:4 | 35267 ||| RETREATING.
 35269 | Vaults:4 | 35269 ||| Stepping ~*~*~tactically~*~*~ (outnumbered).
 35275 | Vaults:4 | 35275 ||| Stepping ~*~*~tactically~*~*~ (retreating).
 35276 | Vaults:4 | 35276 ||| INVOKING Heroism.
 35279 | Vaults:4 | Reached XP level 21. HP: 106/152 MP: 25/28
 35680 | Vaults:4 | 35680 ||| INVOKING Finesse.
 35681 | Vaults:4 | 35681 ||| RETREATING.
 35882 | Vaults:4 | 35882 ||| PLANNING SPIDER:4
 35882 | Vaults:4 | 35882 ||| UPGRADING to +2 helmet of the Rose {Str+5}.
 35892 | Vaults:4 | 35892 ||| DROPPING +2 hat.
 36198 | Spider:4 | Entered Level 4 of the Spider Nest
 36203 | Spider:4 | 36203 ||| Stepping ~*~*~tactically~*~*~ (retreating).
 36209 | Spider:4 | 36209 ||| FLEEEEING.
 36210 | Spider:4 | 36210 ||| STAIRDANCE
 36347 | Spider:4 | 36347 ||| STAIRDANCE
 36370 | Spider:4 | Noticed Mara
 36371 | Spider:4 | 36371 ||| INVOKING Heroism.
 36372 | Spider:4 | 36372 ||| INVOKING Finesse.
 36373 | Spider:4 | 36373 ||| INVOKING Finesse.
 36376 | Spider:4 | Killed Mara
 36451 | Spider:4 | 36451 ||| RETREATING.
 36454 | Spider:4 | 36454 ||| Stepping ~*~*~tactically~*~*~ (retreating).
 36455 | Spider:4 | 36455 ||| STAIRDANCE
 36481 | Spider:4 | 36481 ||| STAIRDANCE
 36484 | Spider:3 | Identified the +2 scale mail of Context {rPois rC+ Will++
                  | SInv} (Okawaru gifted it to you on level 3 of the Spider
                  | Nest)
 36484 | Spider:3 | Received a gift from Okawaru
 36494 | Spider:4 | 36494 ||| STAIRDANCE
 36502 | Spider:4 | 36502 ||| STAIRDANCE
 36631 | Spider:4 | 36631 ||| STAIRDANCE
 36680 | Spider:4 | 36680 ||| STAIRDANCE
 36686 | Spider:4 | 36686 ||| STAIRDANCE
 36692 | Spider:4 | 36692 ||| STAIRDANCE
 36701 | Spider:4 | 36701 ||| STAIRDANCE
 36821 | Spider:4 | 36821 ||| Stepping ~*~*~tactically~*~*~ (retreating).
 36822 | Spider:4 | 36822 ||| Stepping ~*~*~tactically~*~*~ (retreating).
 36823 | Spider:4 | 36823 ||| Stepping ~*~*~tactically~*~*~ (retreating).
 36824 | Spider:4 | 36824 ||| Stepping ~*~*~tactically~*~*~ (retreating).
 36945 | Spider:4 | 36945 ||| Stepping randomly (disturbance).
 36946 | Spider:4 | 36946 ||| Stepping randomly (disturbance).
 36947 | Spider:4 | 36947 ||| Stepping randomly (disturbance).
 36948 | Spider:4 | 36948 ||| Stepping randomly (disturbance).
 36950 | Spider:4 | 36950 ||| Stepping randomly (disturbance).
 37165 | Spider:4 | 37165 ||| RETREATING.
 37169 | Spider:4 | 37169 ||| Stepping ~*~*~tactically~*~*~ (retreating).
 37172 | Spider:4 | 37172 ||| Stepping ~*~*~tactically~*~*~ (retreating).
 37173 | Spider:4 | 37173 ||| RETREATING.
 37174 | Spider:4 | 37174 ||| Stepping ~*~*~tactically~*~*~ (retreating).
 37212 | Spider:4 | 37212 ||| Stepping ~*~*~tactically~*~*~ (outnumbered).
 37588 | Spider:4 | Reached skill level 23 in Fighting
 37710 | Spider:4 | Got a gossamer rune of Zot
 37721 | Spider:4 | 37721 ||| PLANNING DEPTHS
 37721 | Spider:4 | 37721 ||| DROPPING scarf of harm.
 37722 | Spider:4 | 37722 ||| DROPPING scarf of shadows.
 37723 | Spider:4 | 37723 ||| DRINKING 2 orange potions.
 37724 | Spider:4 | 37724 ||| DROPPING potion of invisibility.
 38044 | Depths:1 | Entered Level 1 of the Depths
 38045 | Depths:1 | 38045 ||| RETREATING.
 38047 | Depths:1 | 38047 ||| Stepping ~*~*~tactically~*~*~ (retreating).
 38093 | Depths:1 | 38093 ||| INVOKING Heroism.
 38259 | Depths:1 | 38259 ||| RETREATING.
 38337 | Depths:1 | 38337 ||| INVOKING Heroism.
 38338 | Depths:1 | 38338 ||| INVOKING Finesse.
 38390 | Depths:1 | 38390 ||| Stepping ~*~*~tactically~*~*~ (retreating).
 38399 | Depths:1 | Noticed Nikola
 38407 | Depths:1 | 38407 ||| RETREATING.
 38410 | Depths:1 | 38410 ||| Stepping ~*~*~tactically~*~*~ (outnumbered).
 38411 | Depths:1 | 38411 ||| RETREATING.
 38421 | Depths:1 | 38421 ||| INVOKING Heroism.
 38426 | Depths:1 | Killed Nikola
 38534 | Depths:1 | 38534 ||| INVOKING Heroism.
 38551 | Depths:1 | Identified the +0 scale mail of the Iron City of Dis {Will+
                  | Str+5 Int+2} (Okawaru gifted it to you on level 1 of the
                  | Depths)
 38551 | Depths:1 | Received a gift from Okawaru
 38745 | Depths:1 | Identified the +2 hand axe of Plunder {protect, Contam
                  | Int+7 Dex+6}
 38771 | Depths:1 | 38771 ||| INVOKING Finesse.
 38842 | Depths:1 | Found a glowing golden altar of the Shining One.
 39110 | Depths:1 | Found a gateway to Hell.
 39259 | Depths:2 | 39259 ||| RETREATING.
 39262 | Depths:2 | 39262 ||| Stepping ~*~*~tactically~*~*~ (retreating).
 39270 | Depths:2 | 39270 ||| STAIRDANCE
 39359 | Depths:2 | Reached XP level 22. HP: 160/160 MP: 29/29
 39370 | Depths:2 | 39370 ||| RETREATING.
 39378 | Depths:2 | 39378 ||| Stepping ~*~*~tactically~*~*~ (retreating).
 39379 | Depths:2 | 39379 ||| STAIRDANCE
 39385 | Depths:2 | 39385 ||| STAIRDANCE
 39603 | Depths:2 | 39603 ||| Stepping ~*~*~tactically~*~*~ (outnumbered).
 39607 | Depths:2 | 39607 ||| Stepping ~*~*~tactically~*~*~ (retreating).
 39608 | Depths:2 | 39608 ||| INVOKING Heroism.
 39728 | Depths:2 | 39728 ||| RETREATING.
 39732 | Depths:2 | 39732 ||| Stepping ~*~*~tactically~*~*~ (retreating).
 39733 | Depths:2 | 39733 ||| Stepping ~*~*~tactically~*~*~ (retreating).
 39735 | Depths:2 | 39735 ||| INVOKING Finesse.
 39769 | Depths:2 | 39769 ||| INVOKING Finesse.
 40050 | Depths:2 | Found a one-way gateway to a ziggurat.
 40050 | Depths:2 | Noticed an ancient lich
 40062 | Depths:2 | 40062 ||| RETREATING.
 40064 | Depths:2 | 40064 ||| RETREATING.
 40066 | Depths:2 | 40066 ||| Stepping ~*~*~tactically~*~*~ (outnumbered).
 40075 | Depths:2 | 40075 ||| Stepping ~*~*~tactically~*~*~ (retreating).
 40076 | Depths:2 | 40076 ||| Stepping ~*~*~tactically~*~*~ (retreating).
 40077 | Depths:2 | 40077 ||| Stepping ~*~*~tactically~*~*~ (retreating).
 40078 | Depths:2 | 40078 ||| Stepping ~*~*~tactically~*~*~ (retreating).
 40087 | Depths:2 | Reached skill level 24 in Fighting
 40114 | Depths:2 | Identified the +7 demon trident of Paggul {freeze, rElec}
 40123 | Depths:2 | 40123 ||| RETREATING.
 40128 | Depths:2 | Identified the +1 ring mail "Kihaf" {Harm rF+} (Okawaru
                  | gifted it to you on level 2 of the Depths)
 40128 | Depths:2 | Received a gift from Okawaru
 40139 | Depths:2 | 40139 ||| INVOKING Heroism.
 40140 | Depths:2 | 40140 ||| INVOKING Finesse.
 40186 | Depths:2 | 40186 ||| RETREATING.
 40187 | Depths:2 | 40187 ||| Stepping ~*~*~tactically~*~*~ (outnumbered).
 40302 | Depths:2 | 40302 ||| INVOKING Heroism.
 40303 | Depths:2 | 40303 ||| INVOKING Finesse.
 40308 | Depths:2 | Reached skill level 15 in Armour
 40339 | Depths:2 | Noticed a golden dragon
 40340 | Depths:2 | 40340 ||| Stepping ~*~*~tactically~*~*~ (outnumbered).
 40342 | Depths:2 | 40342 ||| INVOKING Heroism.
 40350 | Depths:2 | Identified the +2 broad axe of Revolt {heavy, rC+ MP+9
                  | Str+2 Dex-3}
 40351 | Depths:2 | 40351 ||| Stepping ~*~*~tactically~*~*~ (retreating).
 40352 | Depths:2 | 40352 ||| Stepping ~*~*~tactically~*~*~ (retreating).
 40353 | Depths:2 | Killed a golden dragon
 40356 | Depths:2 | Identified the +8 quarterstaff "Deymeat" {freeze, rCorr
                  | Str+4}
 40433 | Depths:2 | 40433 ||| Stepping ~*~*~tactically~*~*~ (outnumbered).
 40435 | Depths:2 | 40435 ||| RETREATING.
 40836 | Depths:2 | Found a one-way gate leading to the halls of Pandemonium.
 40963 | Depths:3 | 40963 ||| INVOKING Heroism.
 40964 | Depths:3 | 40964 ||| RETREATING.
 40965 | Depths:3 | 40965 ||| Stepping ~*~*~tactically~*~*~ (retreating).
 40966 | Depths:3 | 40966 ||| Stepping ~*~*~tactically~*~*~ (retreating).
 40967 | Depths:3 | 40967 ||| Stepping ~*~*~tactically~*~*~ (retreating).
 40968 | Depths:3 | 40968 ||| Stepping ~*~*~tactically~*~*~ (retreating).
 40969 | Depths:3 | 40969 ||| Stepping ~*~*~tactically~*~*~ (retreating).
 40970 | Depths:3 | 40970 ||| Stepping ~*~*~tactically~*~*~ (retreating).
 40971 | Depths:3 | 40971 ||| Stepping ~*~*~tactically~*~*~ (retreating).
 40972 | Depths:3 | 40972 ||| Stepping ~*~*~tactically~*~*~ (retreating).
 40973 | Depths:3 | 40973 ||| Stepping ~*~*~tactically~*~*~ (retreating).
 40975 | Depths:3 | 40975 ||| Stepping ~*~*~tactically~*~*~ (retreating).
 40976 | Depths:3 | 40976 ||| Stepping ~*~*~tactically~*~*~ (retreating).
 40978 | Depths:3 | 40978 ||| Stepping ~*~*~tactically~*~*~ (retreating).
 40979 | Depths:3 | 40979 ||| Stepping ~*~*~tactically~*~*~ (retreating).
 40980 | Depths:3 | 40980 ||| Stepping ~*~*~tactically~*~*~ (retreating).
 40981 | Depths:3 | 40981 ||| Stepping ~*~*~tactically~*~*~ (retreating).
 40984 | Depths:3 | 40984 ||| Stepping ~*~*~tactically~*~*~ (retreating).
 40986 | Depths:3 | 40986 ||| Stepping ~*~*~tactically~*~*~ (retreating).
 40987 | Depths:3 | 40987 ||| RETREATING.
 40988 | Depths:3 | 40988 ||| Stepping ~*~*~tactically~*~*~ (retreating).
 40989 | Depths:3 | 40989 ||| Stepping ~*~*~tactically~*~*~ (retreating).
 40990 | Depths:3 | 40990 ||| Stepping ~*~*~tactically~*~*~ (retreating).
 40991 | Depths:3 | 40991 ||| INVOKING Heroism.
 40994 | Depths:3 | 40994 ||| Stepping ~*~*~tactically~*~*~ (retreating).
 40995 | Depths:3 | 40995 ||| Stepping ~*~*~tactically~*~*~ (retreating).
 40996 | Depths:3 | 40996 ||| Stepping ~*~*~tactically~*~*~ (retreating).
 40997 | Depths:3 | 40997 ||| Stepping ~*~*~tactically~*~*~ (retreating).
 40997 | Depths:3 | Gained mutation: You sometimes lose your temper in combat.
                  | [mutagenic glow]
 40998 | Depths:3 | 40998 ||| Stepping ~*~*~tactically~*~*~ (retreating).
 40999 | Depths:3 | 40999 ||| Stepping ~*~*~tactically~*~*~ (retreating).
 41005 | Depths:3 | Gained mutation: You are dopey. (Int -2) [mutagenic glow]
 41009 | Depths:3 | 41009 ||| Stepping ~*~*~tactically~*~*~ (retreating).
 41010 | Depths:3 | 41010 ||| Stepping ~*~*~tactically~*~*~ (retreating).
 41013 | Depths:3 | 41013 ||| Stepping ~*~*~tactically~*~*~ (retreating).
 41014 | Depths:3 | 41014 ||| Stepping ~*~*~tactically~*~*~ (retreating).
 41015 | Depths:3 | 41015 ||| Stepping ~*~*~tactically~*~*~ (retreating).
 41016 | Depths:3 | 41016 ||| Stepping ~*~*~tactically~*~*~ (retreating).
 41017 | Depths:3 | 41017 ||| Stepping ~*~*~tactically~*~*~ (retreating).
 41018 | Depths:3 | 41018 ||| Stepping ~*~*~tactically~*~*~ (outnumbered).
 41020 | Depths:3 | 41020 ||| INVOKING Heroism.
 41022 | Depths:3 | Gained mutation: You are weak. (Str -2) [mutagenic glow]
 41024 | Depths:3 | 41024 ||| Stepping ~*~*~tactically~*~*~ (retreating).
 41027 | Depths:3 | 41027 ||| Stepping ~*~*~tactically~*~*~ (retreating).
 41029 | Depths:3 | HP: 39/161 [deep troll (10)]
 41030 | Depths:3 | 41030 ||| READING 16 scrolls of teleportation.
 41031 | Depths:3 | 41031 ||| DRINKING 6 potions of heal wounds.
 41032 | Depths:3 | 41032 ||| Stepping ~*~*~tactically~*~*~ (retreating).
 41033 | Depths:3 | 41033 ||| Stepping ~*~*~tactically~*~*~ (retreating).
 41034 | Depths:3 | 41034 ||| Stepping ~*~*~tactically~*~*~ (retreating).
 41035 | Depths:3 | 41035 ||| Stepping ~*~*~tactically~*~*~ (retreating).
 41035 | Depths:3 | Gained mutation: Your body sometimes deteriorates upon
                  | taking damage. [mutagenic glow]
 41036 | Depths:3 | 41036 ||| Stepping ~*~*~tactically~*~*~ (retreating).
 41037 | Depths:3 | 41037 ||| Stepping ~*~*~tactically~*~*~ (retreating).
 41040 | Depths:3 | 41040 ||| Stepping ~*~*~tactically~*~*~ (outnumbered).
 41040 | Depths:3 | HP: 36/161 [sphinx/divine providence (18)]
 41041 | Depths:3 | 41041 ||| READING 15 scrolls of teleportation.
 41042 | Depths:3 | 41042 ||| DRINKING 5 potions of heal wounds.
 41043 | Depths:3 | 41043 ||| INVOKING Heroism.
 41046 | Depths:3 | Gained mutation: You occasionally lose the ability to drink
                  | potions when taking damage. [mutagenic glow]
 41064 | Depths:3 | Gained mutation: Your spells are a little easier to cast,
                  | but a little less powerful. [mutagenic glow]
 41074 | Depths:3 | 41074 ||| INVOKING Heroism.
 41074 | Depths:3 | Lost mutation: You are dopey. (Int -2) [mutagenic glow]
 41120 | Depths:3 | 41120 ||| INVOKING Heroism.
 41205 | Depths:3 | 41205 ||| INVOKING Heroism.
 41262 | Depths:3 | 41262 ||| DRINKING 4 potions of mutation.
 41262 | Depths:3 | Lost mutation: You occasionally lose the ability to drink
                  | potions when taking damage. [potion of mutation]
 41262 | Depths:3 | Lost mutation: Your spells are a little easier to cast, but
                  | a little less powerful. [potion of mutation]
 41262 | Depths:3 | Lost mutation: You sometimes lose your temper in combat.
                  | [potion of mutation]
 41262 | Depths:3 | Gained mutation: You are frail. (-10% HP) [potion of
                  | mutation]
 41262 | Depths:3 | Lost mutation: You are frail. (-10% HP) [potion of
                  | mutation]
 41313 | Depths:3 | 41313 ||| INVOKING Heroism.
 41378 | Depths:3 | 41378 ||| Stepping ~*~*~tactically~*~*~ (outnumbered).
 41381 | Depths:3 | 41381 ||| Stepping ~*~*~tactically~*~*~ (outnumbered).
 41420 | Depths:3 | 41420 ||| INVOKING Heroism.
 41488 | Depths:3 | 41488 ||| STAIRDANCE
 41488 | Depths:3 | Noticed an ancient lich
 41492 | Depths:2 | Reached XP level 23. HP: 168/168 MP: 30/30
 41498 | Depths:3 | 41498 ||| STAIRDANCE
 41501 | Depths:2 | Reached skill level 25 in Fighting
 41513 | Depths:3 | an iron giant changed into a golden dragon
 41513 | Depths:3 | Noticed a golden dragon (glowing shapeshifter)
 41514 | Depths:3 | 41514 ||| STAIRDANCE
 41516 | Depths:2 | 41516 ||| INVOKING Heroism.
 41518 | Depths:2 | Killed an ancient lich
 41527 | Depths:3 | a golden dragon changed into a caustic shrike
 41527 | Depths:3 | Noticed a caustic shrike (glowing shapeshifter)
 41528 | Depths:3 | a caustic shrike changed into a golden dragon
 41528 | Depths:3 | Noticed a golden dragon (glowing shapeshifter)
 41529 | Depths:3 | Killed a golden dragon
 41548 | Depths:3 | Noticed a caustic shrike
 41549 | Depths:3 | 41549 ||| INVOKING Finesse.
 41554 | Depths:3 | Killed a caustic shrike
 41577 | Depths:3 | 41577 ||| INVOKING Heroism.
 41629 | Depths:3 | Found a one-way gate to the infinite horrors of the Abyss.
 41660 | Depths:3 | Identified the +0 plate armour of the Morning {rF+ rN+}
 41661 | Depths:3 | 41661 ||| RETREATING.
 41668 | Depths:3 | Identified the +3 war axe of Noal {flame, rElec}
 41669 | Depths:3 | 41669 ||| Stepping ~*~*~tactically~*~*~ (retreating).
 41674 | Depths:3 | 41674 ||| Stepping ~*~*~tactically~*~*~ (retreating).
 41675 | Depths:3 | 41675 ||| Stepping ~*~*~tactically~*~*~ (retreating).
 41676 | Depths:3 | 41676 ||| Stepping ~*~*~tactically~*~*~ (retreating).
 41681 | Depths:3 | 41681 ||| Stepping ~*~*~tactically~*~*~ (retreating).
 41684 | Depths:3 | 41684 ||| Stepping ~*~*~tactically~*~*~ (retreating).
 41688 | Depths:3 | 41688 ||| INVOKING Heroism.
 41701 | Depths:3 | 41701 ||| INVOKING Finesse.
 41701 | Depths:3 | Identified the +0 flail of Gluttony {heavy, Str+4 Dex-3}
 41702 | Depths:3 | 41702 ||| INVOKING Heroism.
 41705 | Depths:3 | Reached skill level 18 in Dodging
 42085 | Depths:3 | 42085 ||| INVOKING Heroism.
 42094 | Depths:3 | Noticed a caustic shrike
 42096 | Depths:3 | Identified the ring "Tuado" {rC+ rN+ SInv}
 42103 | Depths:3 | 42103 ||| Stepping ~*~*~tactically~*~*~ (retreating).
 42104 | Depths:3 | 42104 ||| Stepping ~*~*~tactically~*~*~ (retreating).
 42105 | Depths:3 | 42105 ||| Stepping ~*~*~tactically~*~*~ (retreating).
 42106 | Depths:3 | 42106 ||| INVOKING Finesse.
 42107 | Depths:3 | Killed a caustic shrike
 42229 | Depths:3 | 42229 ||| RETREATING.
 42236 | Depths:3 | 42236 ||| Stepping ~*~*~tactically~*~*~ (outnumbered).
 42242 | Depths:3 | 42242 ||| Stepping ~*~*~tactically~*~*~ (outnumbered).
 42363 | Depths:3 | Identified the +1 ring mail "Nuhoiski" {Will+}
 42466 | Depths:3 | 42466 ||| UPGRADING to ring "Tuado" {rC+ rN+ SInv}.
 42468 | Depths:3 | 42468 ||| UPGRADING to +2 cloak.
 42504 | Depths:4 | Entered Level 4 of the Depths
 42504 | Depths:4 | Found Ojuev's Assorted Antiques.
 42507 | Depths:4 | 42507 ||| INVOKING Finesse.
 42511 | Depths:4 | 42511 ||| RETREATING.
 42520 | Depths:4 | Received a gift from Okawaru
 42541 | Depths:4 | 42541 ||| BUYING potion of curing (90 gold).
 42541 | Depths:4 | Bought a potion of curing for 90 gold pieces
 42541 | Depths:4 | 42541 ||| BUYING potion of resistance (300 gold).
 42541 | Depths:4 | Bought a potion of resistance for 300 gold pieces
 42541 | Depths:4 | 42541 ||| BUYING scroll of teleportation (90 gold).
 42541 | Depths:4 | Bought a scroll of teleportation for 90 gold pieces
 42564 | Depths:4 | 42564 ||| Stepping ~*~*~tactically~*~*~ (outnumbered).
 42574 | Depths:4 | 42574 ||| INVOKING Heroism.
 42726 | Depths:4 | Noticed Vv
 42727 | Depths:4 | 42727 ||| DRINKING 3 potions of resistance.
 42728 | Depths:4 | 42728 ||| INVOKING Heroism.
 42729 | Depths:4 | 42729 ||| INVOKING Finesse.
 42735 | Depths:4 | Killed Vv
 42856 | Depths:4 | 42856 ||| INVOKING Heroism.
 42860 | Depths:4 | 42860 ||| RETREATING.
 42864 | Depths:4 | 42864 ||| Stepping ~*~*~tactically~*~*~ (retreating).
 42865 | Depths:4 | 42865 ||| Stepping ~*~*~tactically~*~*~ (retreating).
 42866 | Depths:4 | 42866 ||| Stepping ~*~*~tactically~*~*~ (retreating).
 43049 | Depths:4 | 43049 ||| Stepping ~*~*~tactically~*~*~ (outnumbered).
 43050 | Depths:4 | 43050 ||| Stepping ~*~*~tactically~*~*~ (outnumbered).
 43051 | Depths:4 | 43051 ||| Stepping ~*~*~tactically~*~*~ (outnumbered).
 43053 | Depths:4 | 43053 ||| Stepping ~*~*~tactically~*~*~ (outnumbered).
 43065 | Depths:4 | 43065 ||| INVOKING Heroism.
 43388 | Depths:4 | Noticed a caustic shrike
 43389 | Depths:4 | 43389 ||| INVOKING Heroism.
 43391 | Depths:4 | Noticed a caustic shrike
 43392 | Depths:4 | 43392 ||| RETREATING.
 43394 | Depths:4 | 43394 ||| Stepping ~*~*~tactically~*~*~ (retreating).
 43395 | Depths:4 | 43395 ||| Stepping ~*~*~tactically~*~*~ (retreating).
 43397 | Depths:4 | Killed a caustic shrike
 43397 | Depths:4 | Noticed a caustic shrike
 43398 | Depths:4 | Killed a caustic shrike
 43402 | Depths:4 | Killed a caustic shrike
 43640 | Depths:4 | Received a gift from Okawaru
 43653 | Depths:4 | 43653 ||| INVOKING Heroism.
 43664 | Depths:4 | 43664 ||| Stepping ~*~*~tactically~*~*~ (retreating).
 43668 | Depths:4 | 43668 ||| FLEEEEING.
 43939 | Depths:4 | Found an ancient bone altar of Kikubaaqudgha.
 44004 | Depths:4 | 44004 ||| FLEEEEING.
 44013 | Depths:4 | 44013 ||| FLEEEEING.
 44014 | Depths:4 | 44014 ||| FLEEEEING.
 44015 | Depths:4 | 44015 ||| FLEEEEING.
 44016 | Depths:4 | 44016 ||| FLEEEEING.
 44017 | Depths:4 | 44017 ||| FLEEEEING.
 44018 | Depths:4 | 44018 ||| FLEEEEING.
 44019 | Depths:4 | 44019 ||| FLEEEEING.
 44020 | Depths:4 | 44020 ||| FLEEEEING.
 44021 | Depths:4 | 44021 ||| FLEEEEING.
 44022 | Depths:4 | 44022 ||| FLEEEEING.
 44023 | Depths:4 | 44023 ||| FLEEEEING.
 44025 | Depths:4 | 44025 ||| INVOKING Heroism.
 44176 | Depths:4 | Noticed a golden dragon
 44177 | Depths:4 | 44177 ||| INVOKING Heroism.
 44180 | Depths:4 | Killed a golden dragon
 44182 | Depths:4 | Reached skill level 26 in Fighting
 44182 | Depths:4 | 44182 ||| Stepping ~*~*~tactically~*~*~ (outnumbered).
 44189 | Depths:4 | 44189 ||| Stepping ~*~*~tactically~*~*~ (outnumbered).
 44195 | Depths:4 | 44195 ||| Stepping ~*~*~tactically~*~*~ (outnumbered).
 44202 | Depths:4 | 44202 ||| INVOKING Heroism.
 44315 | Depths:4 | 44315 ||| INVOKING Heroism.
 44328 | Depths:4 | Found a gate to the Realm of Zot.
 44328 | Depths:4 | Noticed a golden dragon
 44332 | Depths:4 | Killed a golden dragon
 44339 | Depths:4 | Noticed a golden dragon
 44340 | Depths:4 | 44340 ||| RETREATING.
 44355 | Depths:4 | 44355 ||| RETREATING.
 44361 | Depths:4 | 44361 ||| INVOKING Heroism.
 44362 | Depths:4 | Killed a golden dragon
 44363 | Depths:4 | Reached XP level 24. HP: 178/178 MP: 28/30
 44430 | Depths:4 | 44430 ||| PLANNING VAULTS:5
 44707 | Vaults:5 | Entered Level 5 of the Vaults
 44708 | Vaults:5 | 44708 ||| INVOKING Heroism.
 44709 | Vaults:5 | 44709 ||| STAIRDANCE
 44711 | Vaults:4 | 44711 ||| Stepping ~*~*~tactically~*~*~ (retreating).
 44712 | Vaults:4 | 44712 ||| Stepping ~*~*~tactically~*~*~ (retreating).
 44713 | Vaults:4 | 44713 ||| Stepping ~*~*~tactically~*~*~ (retreating).
 44831 | Vaults:5 | 44831 ||| STAIRDANCE
 44835 | Vaults:4 | 44835 ||| Stepping ~*~*~tactically~*~*~ (retreating).
 44836 | Vaults:4 | 44836 ||| Stepping ~*~*~tactically~*~*~ (retreating).
 44837 | Vaults:4 | 44837 ||| Stepping ~*~*~tactically~*~*~ (retreating).
 44838 | Vaults:4 | 44838 ||| Stepping ~*~*~tactically~*~*~ (retreating).
 44839 | Vaults:4 | 44839 ||| Stepping ~*~*~tactically~*~*~ (retreating).
 44840 | Vaults:4 | 44840 ||| Stepping ~*~*~tactically~*~*~ (retreating).
 44841 | Vaults:4 | 44841 ||| Stepping ~*~*~tactically~*~*~ (retreating).
 44856 | Vaults:4 | Reached skill level 18 in Armour
 44926 | Vaults:5 | 44926 ||| STAIRDANCE
 44928 | Vaults:4 | 44928 ||| Stepping ~*~*~tactically~*~*~ (retreating).
 44929 | Vaults:4 | 44929 ||| Stepping ~*~*~tactically~*~*~ (retreating).
 44930 | Vaults:4 | 44930 ||| Stepping ~*~*~tactically~*~*~ (retreating).
 45049 | Vaults:5 | 45049 ||| STAIRDANCE
 45051 | Vaults:4 | 45051 ||| Stepping ~*~*~tactically~*~*~ (retreating).
 45052 | Vaults:4 | 45052 ||| Stepping ~*~*~tactically~*~*~ (retreating).
 45053 | Vaults:4 | 45053 ||| Stepping ~*~*~tactically~*~*~ (retreating).
 45056 | Vaults:4 | 45056 ||| INVOKING Heroism.
 45251 | Vaults:5 | 45251 ||| STAIRDANCE
 45253 | Vaults:4 | 45253 ||| INVOKING Heroism.
 45334 | Vaults:5 | 45334 ||| RETREATING.
 45335 | Vaults:5 | 45335 ||| Stepping ~*~*~tactically~*~*~ (retreating).
 45336 | Vaults:5 | 45336 ||| Stepping ~*~*~tactically~*~*~ (retreating).
 45337 | Vaults:5 | 45337 ||| Stepping ~*~*~tactically~*~*~ (retreating).
 45338 | Vaults:5 | 45338 ||| Stepping ~*~*~tactically~*~*~ (retreating).
 45339 | Vaults:5 | 45339 ||| INVOKING Heroism.
 45341 | Vaults:5 | 45341 ||| Stepping ~*~*~tactically~*~*~ (outnumbered).
 45347 | Vaults:5 | 45347 ||| Stepping ~*~*~tactically~*~*~ (outnumbered).
 45360 | Vaults:5 | 45360 ||| Stepping ~*~*~tactically~*~*~ (outnumbered).
 45370 | Vaults:5 | 45370 ||| INVOKING Heroism.
 45515 | Vaults:5 | Noticed Mennas
 45516 | Vaults:5 | 45516 ||| INVOKING Heroism.
 45517 | Vaults:5 | 45517 ||| INVOKING Finesse.
 45520 | Vaults:5 | Identified the +6 battleaxe of Currency {flame, *Rage rElec
                  | rCorr}
 45521 | Vaults:5 | 45521 ||| Stepping ~*~*~tactically~*~*~ (outnumbered).
 45525 | Vaults:5 | Killed Mennas
 45721 | Vaults:5 | Identified the +0 leather armour of Satisfaction {Fly}
 45738 | Vaults:5 | 45738 ||| RETREATING.
 45749 | Vaults:5 | 45749 ||| INVOKING Finesse.
 45750 | Vaults:5 | 45750 ||| INVOKING Finesse.
 45832 | Vaults:5 | Found the +7 captain's cutlass {speed, disarm}
 45833 | Vaults:5 | 45833 ||| RETREATING.
 45835 | Vaults:5 | 45835 ||| RETREATING.
 45836 | Vaults:5 | 45836 ||| FLEEEEING.
 45837 | Vaults:5 | 45837 ||| FLEEEEING.
 45852 | Vaults:5 | 45852 ||| INVOKING Heroism.
 45922 | Vaults:5 | Identified the +0 pair of gloves "Ythrif" {rF++}
 45936 | Vaults:5 | Identified the +0 plate armour "Kielierph" {rF+ rC+ rN+}
 45952 | Vaults:5 | Noticed a dread lich
 45953 | Vaults:5 | 45953 ||| INVOKING Heroism.
 45954 | Vaults:5 | 45954 ||| INVOKING Finesse.
 45960 | Vaults:5 | Killed a dread lich
 46019 | Vaults:5 | 46019 ||| INVOKING Heroism.
 46022 | Vaults:5 | 46022 ||| Stepping ~*~*~tactically~*~*~ (outnumbered).
 46158 | Vaults:5 | 46158 ||| INVOKING Heroism.
 46201 | Vaults:5 | 46201 ||| INVOKING Heroism.
 46205 | Vaults:5 | 46205 ||| RETREATING.
 46217 | Vaults:5 | 46217 ||| FLEEEEING.
 46218 | Vaults:5 | 46218 ||| FLEEEEING.
 46219 | Vaults:5 | 46219 ||| FLEEEEING.
 46220 | Vaults:5 | 46220 ||| FLEEEEING.
 46224 | Vaults:5 | 46224 ||| Stepping ~*~*~tactically~*~*~ (outnumbered).
 46225 | Vaults:5 | 46225 ||| FLEEEEING.
 46227 | Vaults:5 | 46227 ||| FLEEEEING.
 46228 | Vaults:5 | 46228 ||| FLEEEEING.
 46229 | Vaults:5 | 46229 ||| FLEEEEING.
 46231 | Vaults:5 | 46231 ||| RETREATING.
 46232 | Vaults:5 | 46232 ||| INVOKING Heroism.
 46345 | Vaults:5 | 46345 ||| FLEEEEING.
 46495 | Vaults:5 | 46495 ||| INVOKING Heroism.
 46533 | Vaults:5 | 46533 ||| READING scroll of brand weapon.
 46533 | Vaults:5 | 46533 ||| BRANDING +9 triple crossbow of flaming.
 46624 | Vaults:5 | 46624 ||| Stepping ~*~*~tactically~*~*~ (retreating).
 46625 | Vaults:5 | 46625 ||| Stepping ~*~*~tactically~*~*~ (retreating).
 46634 | Vaults:5 | Noticed a dread lich
 46635 | Vaults:5 | 46635 ||| INVOKING Heroism.
 46636 | Vaults:5 | 46636 ||| INVOKING Finesse.
 46640 | Vaults:5 | 46640 ||| RETREATING.
 46641 | Vaults:5 | 46641 ||| Stepping ~*~*~tactically~*~*~ (retreating).
 46643 | Vaults:5 | 46643 ||| Stepping ~*~*~tactically~*~*~ (retreating).
 46646 | Vaults:5 | Killed a dread lich
 46759 | Vaults:5 | Identified the +0 battleaxe "Pear" {heavy, Contam Str+4}
 46761 | Vaults:5 | Got a silver rune of Zot
 46768 | Vaults:5 | Identified the +1 scale mail of Resonant Miracles {rPois
                  | Stlth+}
 46842 | Vaults:5 | Found Teocs's Antique Weapon Shoppe.
 46854 | Vaults:5 | 46854 ||| INVOKING Heroism.
 46862 | Vaults:5 | Identified the +0 pair of gloves of Guyweuv {Str+5 Dex-5}
                  | (Okawaru gifted it to you on level 5 of the Vaults)
 46862 | Vaults:5 | Received a gift from Okawaru
 47222 | Vaults:5 | 47222 ||| PLANNING SHOPPING SPREE
 47222 | Vaults:5 | 47222 ||| DROPPING +1 ring mail "Kihaf" {Harm rF+}.
 47223 | Vaults:5 | 47223 ||| DROPPING +2 robe of resistance.
 47224 | Vaults:5 | 47224 ||| DROPPING +0 troll leather armour.
 47225 | Vaults:5 | 47225 ||| DROPPING +2 leather armour of cold resistance.
 47226 | Vaults:5 | 47226 ||| DROPPING +0 leather armour of Satisfaction {Fly}.
 47227 | Vaults:5 | 47227 ||| DROPPING +0 pair of gloves of Guyweuv {Str+5
                  | Dex-5}.
 47649 | Orc:2    | 47649 ||| BUYING amulet of faith (440 gold).
 47649 | Orc:2    | Bought an amulet of faith for 440 gold pieces
 47672 | Orc:2    | 47672 ||| UPGRADING to amulet of faith.
 47682 | Orc:2    | 47682 ||| UPGRADING to scarf of resistance.
 47692 | Orc:2    | 47692 ||| UPGRADING to +5 ring of evasion.
 47717 | Orc:2    | 47717 ||| BUYING pair of runed gloves (277 gold).
 47717 | Orc:2    | Bought a pair of runed gloves for 277 gold pieces
 47740 | Orc:2    | 47740 ||| DROPPING +0 pair of gloves of infusion.
 47789 | Orc:2    | 47789 ||| PLANNING ZOT:1-4
 48085 | Zot:1    | Entered Level 1 of the Realm of Zot
 48139 | Zot:1    | Identified the +7 trident of Sloth {flame, Int+4}
 48199 | Zot:1    | 48199 ||| Stepping ~*~*~tactically~*~*~ (retreating).
 48200 | Zot:1    | 48200 ||| RETREATING.
 48204 | Zot:1    | 48204 ||| RETREATING.
 48209 | Zot:1    | Reached skill level 27 in Fighting
 48482 | Zot:1    | Reached XP level 25. HP: 187/187 MP: 31/31
 48614 | Zot:1    | 48614 ||| INVOKING Heroism.
 48615 | Zot:1    | 48615 ||| Stepping ~*~*~tactically~*~*~ (outnumbered).
 48629 | Zot:1    | Identified the +1 pair of gloves of the Present {rPois}
 48652 | Zot:1    | 48652 ||| RETREATING.
 48666 | Zot:1    | 48666 ||| INVOKING Heroism.
 48938 | Zot:1    | 48938 ||| INVOKING Heroism.
 49209 | Zot:1    | 49209 ||| DROPPING +1 pair of gloves of the Present
                  | {rPois}.
 49210 | Zot:1    | 49210 ||| UPGRADING to +0 pair of gloves "Ythrif" {rF++}.
 49253 | Zot:2    | 49253 ||| STAIRDANCE
 49453 | Zot:2    | You are sucked into a shaft and drop 1 floor!
 49469 | Zot:3    | 49469 ||| Stepping ~*~*~tactically~*~*~ (outnumbered).
 49605 | Zot:3    | 49605 ||| RETREATING.
 49608 | Zot:3    | 49608 ||| INVOKING Heroism.
 49617 | Zot:3    | 49617 ||| Stepping ~*~*~tactically~*~*~ (outnumbered).
 49619 | Zot:3    | 49619 ||| Stepping ~*~*~tactically~*~*~ (retreating).
 49620 | Zot:3    | 49620 ||| Stepping ~*~*~tactically~*~*~ (retreating).
 49621 | Zot:3    | 49621 ||| Stepping ~*~*~tactically~*~*~ (retreating).
 49622 | Zot:3    | 49622 ||| Stepping ~*~*~tactically~*~*~ (retreating).
 49623 | Zot:3    | 49623 ||| RETREATING.
 49625 | Zot:3    | 49625 ||| Stepping ~*~*~tactically~*~*~ (outnumbered).
 49633 | Zot:3    | 49633 ||| Stepping ~*~*~tactically~*~*~ (retreating).
 49635 | Zot:3    | 49635 ||| INVOKING Heroism.
 50634 | Zot:2    | 50634 ||| DROPPING +1 cloak.
 50787 | Zot:3    | 50787 ||| RETREATING.
 50793 | Zot:3    | 50793 ||| Stepping ~*~*~tactically~*~*~ (retreating).
 50801 | Zot:3    | 50801 ||| Stepping ~*~*~tactically~*~*~ (cloud).
 50803 | Zot:3    | 50803 ||| INVOKING Heroism.
 50810 | Zot:3    | Identified the ring "Daupnuewk" {rF+ rC+ rN+}
 50865 | Zot:3    | 50865 ||| INVOKING Heroism.
 50930 | Zot:3    | 50930 ||| INVOKING Heroism.
 50949 | Zot:3    | Gained mutation: You have hidden genetic defects.
                  | [mutagenic glow]
 50957 | Zot:3    | Gained mutation: You are frail. (-10% HP) [mutagenic glow]
 51010 | Zot:3    | 51010 ||| DRINKING 7 potions of mutation.
 51010 | Zot:3    | Lost mutation: You are weak. (Str -2) [potion of mutation]
 51010 | Zot:3    | Lost mutation: You are frail. (-10% HP) [potion of
                  | mutation]
 51010 | Zot:3    | Gained mutation: Your muscles are strong. (Str +4, Int/Dex
                  | -1) [potion of mutation]
 51010 | Zot:3    | Gained mutation: You have sharp toenails. [potion of
                  | mutation]
 51010 | Zot:3    | Gained mutation: You are partially covered in iridescent
                  | scales. (AC +2) [potion of mutation]
 51170 | Zot:3    | 51170 ||| INVOKING Heroism.
 51189 | Zot:3    | 51189 ||| DROPPING ring of protection from fire.
 51230 | Zot:4    | Found a large runed translucent door.
 51231 | Zot:4    | Found a large runed translucent door.
 51232 | Zot:4    | Found a large runed translucent door.
 51232 | Zot:4    | Found a shimmering altar of Xom.
 51232 | Zot:4    | Identified the +8 great sword of Equilibrium {chaos, rPois
                  | rC+++ Will+++ Dex-4}
 51232 | Zot:4    | Identified the +10 hand cannon of War {elec, Int+4}
 51234 | Zot:4    | 51234 ||| FLEEEEING.
 51238 | Zot:4    | 51238 ||| STAIRDANCE
 51374 | Zot:4    | 51374 ||| FLEEEEING.
 51375 | Zot:4    | 51375 ||| FLEEEEING.
 51376 | Zot:4    | 51376 ||| FLEEEEING.
 51377 | Zot:4    | 51377 ||| FLEEEEING.
 51385 | Zot:4    | 51385 ||| STAIRDANCE
 51481 | Zot:4    | 51481 ||| INVOKING Heroism.
 51484 | Zot:4    | Noticed a Killer Klown
 51498 | Zot:4    | Killed a Killer Klown
 51636 | Zot:4    | Noticed a Killer Klown
 51637 | Zot:4    | 51637 ||| INVOKING Heroism.
 51643 | Zot:4    | Killed a Killer Klown
 51657 | Zot:4    | Noticed a Killer Klown
 51661 | Zot:4    | 51661 ||| INVOKING Heroism.
 51662 | Zot:4    | Identified the +2 ring mail "Nerag" {rC+ Dex+3}
 51666 | Zot:4    | Killed a Killer Klown
 51667 | Zot:4    | Identified the +5 ring mail of Classification {Int+4}
 51717 | Zot:4    | 51717 ||| FLEEEEING.
 51718 | Zot:4    | 51718 ||| FLEEEEING.
 51719 | Zot:4    | 51719 ||| STAIRDANCE
 51789 | Zot:4    | Noticed a Killer Klown
 51791 | Zot:4    | 51791 ||| INVOKING Heroism.
 51801 | Zot:4    | Noticed a Killer Klown
 51804 | Zot:4    | 51804 ||| RETREATING.
 51808 | Zot:4    | Killed a Killer Klown
 51813 | Zot:4    | Killed a Killer Klown
 51883 | Zot:4    | Noticed a Killer Klown
 51884 | Zot:4    | 51884 ||| INVOKING Heroism.
 51890 | Zot:4    | Noticed a Killer Klown
 51894 | Zot:4    | Killed a Killer Klown
 51906 | Zot:4    | Gained mutation: You are frail. (-10% HP) [hidden defects]
 51914 | Zot:4    | 51914 ||| DRINKING 6 potions of mutation.
 51914 | Zot:4    | Lost mutation: You are partially covered in iridescent
                  | scales. (AC +2) [potion of mutation]
 51914 | Zot:4    | Lost mutation: You have sharp toenails. [potion of
                  | mutation]
 51914 | Zot:4    | Lost mutation: Your muscles are strong. (Str +4, Int/Dex
                  | -1) [potion of mutation]
 51914 | Zot:4    | Gained mutation: Armour fits poorly on your strangely
                  | shaped body. [potion of mutation]
 51914 | Zot:4    | Gained mutation: You passively dampen the noise of your
                  | surroundings. [potion of mutation]
 51915 | Zot:4    | 51915 ||| DRINKING 5 potions of mutation.
 51915 | Zot:4    | Lost mutation: You have hidden genetic defects. [potion of
                  | mutation]
 51915 | Zot:4    | Lost mutation: You passively dampen the noise of your
                  | surroundings. [potion of mutation]
 51915 | Zot:4    | Lost mutation: Armour fits poorly on your strangely shaped
                  | body. [potion of mutation]
 51915 | Zot:4    | Gained mutation: Your magical capacity is low. (-10% MP)
                  | [potion of mutation]
 51915 | Zot:4    | Gained mutation: You have supernaturally acute eyesight.
                  | (SInv) [potion of mutation]
 51915 | Zot:4    | Gained mutation: You are partially covered in iridescent
                  | scales. (AC +2) [potion of mutation]
 51916 | Zot:4    | 51916 ||| DRINKING 4 potions of mutation.
 51916 | Zot:4    | Lost mutation: You are frail. (-10% HP) [potion of
                  | mutation]
 51916 | Zot:4    | Lost mutation: Your body sometimes deteriorates upon taking
                  | damage. [potion of mutation]
 51916 | Zot:4    | Gained mutation: You are occasionally teleported next to
                  | monsters. [potion of mutation]
 51916 | Zot:4    | Lost mutation: You are occasionally teleported next to
                  | monsters. [potion of mutation]
 51916 | Zot:4    | Gained mutation: You have hidden genetic potential. [potion
                  | of mutation]
 51916 | Zot:4    | Found a large runed translucent door.
 51916 | Zot:4    | Found a large runed translucent door.
 51916 | Zot:4    | Found a large runed translucent door.
 51916 | Zot:4    | Found a large runed translucent door.
 51916 | Zot:4    | Found a large runed translucent door.
 51921 | Zot:4    | Noticed a Killer Klown
 51941 | Zot:4    | 51941 ||| INVOKING Heroism.
 51945 | Zot:4    | Killed a Killer Klown
 51976 | Zot:4    | Killed a Killer Klown
 52149 | Zot:4    | 52149 ||| DROPPING +0 leather armour "Oxai" {rC+ SInv}.
 52150 | Zot:4    | 52150 ||| UPGRADING to +4 ring of slaying {mikee}.
 52152 | Zot:4    | 52152 ||| DROPPING ring "Tuado" {rC+ rN+ SInv}.
 52185 | Zot:4    | 52185 ||| INVOKING Heroism.
 52199 | Zot:4    | Reached skill level 21 in Armour
 52207 | Zot:4    | 52207 ||| INVOKING Heroism.
 52211 | Zot:4    | 52211 ||| Stepping ~*~*~tactically~*~*~ (retreating).
 52212 | Zot:4    | 52212 ||| Stepping ~*~*~tactically~*~*~ (retreating).
 52213 | Zot:4    | 52213 ||| Stepping ~*~*~tactically~*~*~ (retreating).
 52221 | Zot:4    | HP: 46/187 [storm dragon/bolt of lightning (9)]
 52222 | Zot:4    | 52222 ||| READING 20 scrolls of teleportation.
 52222 | Zot:4    | HP: 20/187 [storm dragon (24)]
 52223 | Zot:4    | 52223 ||| DRINKING 9 potions of heal wounds.
 52224 | Zot:4    | 52224 ||| DRINKING 8 potions of heal wounds.
 52225 | Zot:4    | 52225 ||| DRINKING 7 potions of heal wounds.
 52226 | Zot:4    | 52226 ||| INVOKING Heroism.
 52227 | Zot:4    | 52227 ||| DRINKING 6 potions of heal wounds.
 52998 | Zot:4    | 52998 ||| INVOKING Heroism.
 53176 | Zot:4    | 53176 ||| INVOKING Heroism.
 53253 | Zot:4    | 53253 ||| PLANNING ORB
 53282 | Zot:5    | Entered Level 5 of the Realm of Zot
 53291 | Zot:5    | 53291 ||| Stepping ~*~*~tactically~*~*~ (retreating).
 53292 | Zot:5    | 53292 ||| Stepping ~*~*~tactically~*~*~ (outnumbered).
 53298 | Zot:5    | 53298 ||| Stepping ~*~*~tactically~*~*~ (retreating).
 53300 | Zot:5    | 53300 ||| Stepping ~*~*~tactically~*~*~ (retreating).
 53304 | Zot:5    | 53304 ||| INVOKING Heroism.
 53307 | Zot:5    | HP: 40/187 [yellow draconian annihilator/entropic shot[a
                  | purple draconian shifter] (48)]
 53308 | Zot:5    | 53308 ||| READING 19 scrolls of teleportation.
 53308 | Zot:5    | HP: 10/187 [yellow draconian annihilator/glob of acid[a
                  | purple draconian shifter] (13)]
 53308 | Zot:5    | HP: 1/187 [green draconian monk[a purple draconian shifter]
                  | (9)]
 53308 | Zot:5    | Demolished by a purple draconian

Levels and vault maps discovered:
D:1:      roderic_crop_circles_arrival_small, layout_basic, serial_aquarium,
          aquarium_bridge_square [aquarium_subvault_window,
          aquarium_subvault_window, aquarium_subvault_bridge,
          aquarium_subvault_window], aquarium_window_fake, aquarium_window_1,
          aquarium_window_corner, aquarium_view_4, aquarium_view_2c,
          aquarium_pool_five
D:2:      layout_loops_ring, dreamdust_ecumenical_altar_drowned_temple,
          basic_altar, serial_shops, nicolae_shop_tiny_waterfront,
          roderic_lattice_a
D:3:      layout_rooms, gammafunk_temple_overflow_forgotten, serial_shops,
          nicolae_square_shop, chequers_garden
D:4:      layout_cave_pools, old_standard_altar, minmay_temple_entry_junction,
          portal_sewer_entry_a, uniq_pikel, uniq_grinder
D:5:      layout_rooms, hellmonk_no_cap
D:6:      layout_cave_pools, serial_gnoll_camp, gnoll_camp_mini_sergeant,
          grums_kennel, gnoll_camp_mini_loothouse, gnoll_camp_mini_hut,
          gnoll_camp_huts_basic, uniq_jeremiah
D:7:      layout_gridville, nicolae_titane
D:8:      layout_basic, nicolae_overflow_squiral, enter_ossuary_3, serial_shops,
          nicolae_shop_mannequins, lemuel_flamethrower_1, uniq_maurice
D:9:      layout_basic, mainiacjoe_overflow_alcove_1, david_orc_5
D:10:     layout_grid_maze, grunt_temple_overflow_forces_of_nature,
          jiyva_altar_1
D:11:     layout_cave_pools, erik_lair_dragon, nicolae_uskayaw_dance_studio
D:12:     layout_basic
D:13:     layout_basic, hangedman_vaults_entry_quadrant_bands
D:14:     layout_grid_maze, gammafunk_ghost_arena, minmay_large_rounded_square,
          gauntlet_entry_generic
D:15:     gammafunk_depths_entry_grave, layout_basic, nzn_hepliaklqana_mist_gate
Temple:   cyrus_circular_temple
Lair:1:   wander_river, layout_chaotic_city, gammafunk_ghost_arena,
          dpeg_stationary_puzzle, grunt_megastairs_3
Lair:2:   layout_hall_layers, minmay_shoals_entry_hut,
          hellmonk_spider_entry_life_and_decay
Lair:3:   layout_regular_city
Lair:4:   statuecave_lemuel, layout_gridlike, nicolae_slime_entry_slimehenge,
          uniq_snorg
Lair:5:   hangedman_lair_in_review, layout_layer_cave, guppyfry_lair_end_dragon,
          uniq_rupert
Shoals:1: layout_shoals, nicolae_shoals_water_booths
Shoals:2: layout_shoals, abandoned_shop, uniq_kirke
Shoals:3: layout_shoals, uniq_polyphemus
Shoals:4: shoals_end_hellmonk_holy_island
Spider:1: nicolae_spider_hilbert_zone_1 [nicolae_spider_hilbert_4_sides_1_open,
          nicolae_spider_hilbert_4_sides_1_open,
          nicolae_spider_hilbert_4_sides_1_open,
          nicolae_spider_hilbert_4_sides_1_open,
          nicolae_spider_hilbert_3_sides_1_open,
          nicolae_spider_hilbert_3_sides_1_open,
          nicolae_spider_hilbert_3_sides_1_open,
          nicolae_spider_hilbert_3_sides_1_open,
          nicolae_spider_hilbert_3_sides_1_open,
          nicolae_spider_hilbert_6_sides_1_open,
          nicolae_spider_hilbert_6_sides_1_open,
          nicolae_spider_hilbert_3_sides_1_open,
          nicolae_spider_hilbert_3_sides_1_open,
          nicolae_spider_hilbert_3_sides_1_open,
          nicolae_spider_hilbert_3_sides_1_open,
          nicolae_spider_hilbert_2_sides_1_open], nicolae_spider_circle_web
Spider:2: layout_spider_delve, nicolae_spider_world_wide_web, uniq_arachne
Spider:3: layout_spider_delve, uniq_agnes
Spider:4: grunt_spider_rune_circles, nicolae_spider_bzzzt, uniq_mara
Orc:1:    layout_caves, minmay_orc_barracks, uniq_erolcha
Orc:2:    st_orc_ogre_mass, layout_caves, lightli_church_of_beogh
Vaults:1: nicolae_vaults_cochlea, nicolae_vaults_sealed_display,
          nicolae_vaults_mini_display_case, nicolae_vaults_triangles,
          nicolae_vaults_trapezoid_4, vaults_room_pool, hangedman_vaults_trim,
          dpeg_vaults_monster_box, ontoclasm_vaults_gateway,
          nicolae_vaults_house_2, layout_vaults_omnigrid
Vaults:2: nicolae_vaults_wrenched, v_misc_3, minmay_crypt_entry_skeletal_spiral,
          v_misc_2, nicolae_vaults_murder_corner, nicolae_vaults_alarming,
          nicolae_vaults_three_branches, ontoclasm_vaults_hangar,
          vaults_dpeg_doors, v_rooms_4, vaults_dpeg_diagonal,
          nicolae_vaults_trapezoid_lopsided_3, layout_vaults_ring
Vaults:3: nicolae_vaults_meiosis, grunt_vaults_bifocal, nicolae_vaults_house_2,
          v_misc_27, v_rooms_3, nicolae_vaults_diagonal_hallway_6,
          nicolae_vaults_little_squares_1, ontoclasm_vaults_misaligned,
          nicolae_vaults_octothorpe, nicolae_vaults_little_ls, v_misc_14,
          layout_vaults_chaotic_city
Vaults:4: nicolae_vaults_diamond_2, nicolae_vaults_storage_closets_2, v_misc_26,
          nicolae_vaults_loss_of_containment,
          nicolae_vaults_trapezoid_lopsided_3, ontoclasm_vaults_twist,
          nicolae_vaults_two_Ls, nicolae_vaults_network_s,
          nicolae_vaults_turnstiles, nicolae_vaults_stepped_doors,
          nicolae_vaults_tetromino_L_1, layout_vaults_omnicross, serial_shops,
          shop_fountains
Vaults:5: serial_shops, uniq_mennas
Depths:1: layout_roguey, tso_metal_star, hellmouth_1,
          minmay_mirror_moons_of_madness, grunt_megastairs_2,
          serial_bayou_shore_a, uniq_nikola
Depths:2: minmay_the_grid_octo_tiled_squarecenter_mashed
          [minmay_the_grid_octo_horde, minmay_the_grid_octo_chip,
          minmay_the_grid_octo_vomiting_pacman, minmay_the_grid_octo_concentric,
          minmay_the_grid_square_5x5_megaprize_diamond,
          minmay_the_grid_square_5x5_mess, minmay_the_grid_square_5x5_checkered,
          minmay_the_grid_square_5x5_percent, minmay_the_grid_square_5x5_six],
          layout_gridlike, enter_ziggurat_d, hangedman_coc_ice_floe,
          rand_demon_pan_entry_9, firewood_loft, infiniplex_staircase_diamond,
          uniq_grunn
Depths:3: hangedman_pleasuredromes, hell_entry, abyss_entry, pan_entry,
          serial_shops
Depths:4: grunt_zot_entry_bicorn, layout_twisted_cross,
          marbit_kobold_abyss_entry, serial_shops, shop,
          pf_dread_powers_of_hell, grunt_decor_arrowhead,
          kennysheep_vampire_church, uniq_vv
Zot:1:    layout_gridlike
Zot:2:    layout_onion
Zot:3:    layout_misc_corridors, hangedman_spider_trapstep
Zot:4:    layout_concentric_octagons, grunt_ministairs_9, st_stairs_12,
          hangedman_xom_zot_hilarity
Zot:5:    layout_basic

Skill      XL: |  1  2  3  4  5  6  7  8  9 10 11 12 13 14 15 16 17 18 19 20 21 22 23 24 25 |
---------------+----------------------------------------------------------------------------+-----
Ranged Weapons | 5 6 8 10 11 13 15 16 18 19 20 22 | 22.0
Fighting       | 3 4 5 6 8 9 10 11 13 14 16 18 19 21 22 23 24 26 27 | 27.0
Armour         | 1 2 3 4 5 6 8 10 11 12 14 15 17 18 21 | 21.3
Dodging        | 2 3 4 5 6 7 9 10 11 12 13 15 16 17 18 19 20 | 20.0
Invocations    | 4 9 10 11 | 11.6
Stealth        | |  1.1

Action                     |  1- 3 |  4- 6 |  7- 9 | 10-12 | 13-15 | 16-18 | 19-21 | 22-24 | 25-27 || total
---------------------------+-------+-------+-------+-------+-------+-------+-------+-------+-------++-------
   Fire: Shortbow          |   120 |   170 |   130 |       |       |       |       |       |       ||   420
         Orcbow            |       |       |   140 |   546 |       |       |       |       |       ||   686
         Longbow           |       |       |       |    83 |   930 |   619 |       |       |       ||  1632
         Triple crossbow   |       |       |       |       |       |   414 |   944 |   953 |   496 ||  2807
 Invoke: Heroism           |       |       |       |    16 |    37 |    34 |    20 |    44 |    21 ||   172
         Finesse           |       |       |       |     1 |    12 |    13 |    11 |    13 |       ||    50
    Use: Scroll            |     6 |     6 |     5 |     7 |     7 |     6 |       |     3 |     2 ||    42
         Potion            |     1 |     2 |     1 |     3 |     1 |       |     1 |     4 |     8 ||    21
 Armour: Leather armour    |    23 |    49 |    74 |   134 |   207 |       |       |       |       ||   487
         Ring mail         |       |       |       |       |    43 |   230 |   352 |   415 |   349 ||  1389
  Dodge: Dodged            |    21 |    42 |    94 |   125 |   351 |   460 |   727 |   848 |   565 ||  3233

Table legend:
 A = Non-vault XP
 B = Vault XP
 C = Vault XP percentage of total XP
 D = Non-vault monster count
 E = Vault monster count
 F = Vault count percentage of total count
                 A         B        C        D         E       F
            +---------+---------+-------+---------+---------+-------
      Total |  573803 |  530109 |  48.0 |    1167 |     816 |  41.1
            +---------+---------+-------+---------+---------+-------
        D:1 |      37 |       0 |   0.0 |      20 |       0 |   0.0
        D:2 |      41 |       1 |   2.4 |      17 |       1 |   5.6
        D:3 |      67 |       0 |   0.0 |      23 |       0 |   0.0
        D:4 |     239 |     880 |  78.6 |      15 |       7 |  31.8
        D:5 |     432 |      78 |  15.3 |      18 |       2 |  10.0
        D:6 |    1144 |    1701 |  59.8 |      26 |      31 |  54.4
        D:7 |    1248 |       0 |   0.0 |      29 |       0 |   0.0
        D:8 |     571 |     447 |  43.9 |      13 |       3 |  18.8
        D:9 |    1502 |     652 |  30.3 |      22 |      22 |  50.0
       D:10 |    1358 |     368 |  21.3 |      16 |       4 |  20.0
       D:11 |    2727 |    1502 |  35.5 |      12 |      10 |  45.5
       D:12 |    6561 |       0 |   0.0 |      30 |       0 |   0.0
       D:13 |    5114 |    5088 |  49.9 |      16 |      17 |  51.5
       D:14 |    9012 |       0 |   0.0 |      19 |       0 |   0.0
       D:15 |    9485 |    5877 |  38.3 |      19 |       8 |  29.6
     Lair:1 |   12784 |    1396 |   9.8 |      45 |       5 |  10.0
     Lair:2 |    8603 |     729 |   7.8 |      29 |       3 |   9.4
     Lair:3 |    2838 |       0 |   0.0 |       9 |       0 |   0.0
     Lair:4 |   20655 |    1470 |   6.6 |      51 |       7 |  12.1
     Lair:5 |    9501 |   16295 |  63.2 |      28 |      36 |  56.2
   Shoals:1 |   16076 |    6182 |  27.8 |      30 |       9 |  23.1
   Shoals:2 |   10655 |    1848 |  14.8 |      17 |       3 |  15.0
   Shoals:3 |    4852 |    5590 |  53.5 |      10 |       6 |  37.5
   Shoals:4 |   18377 |   24996 |  57.6 |      34 |      38 |  52.8
   Spider:1 |   11670 |   12452 |  51.6 |      34 |      24 |  41.4
   Spider:2 |   17321 |    7109 |  29.1 |      44 |      11 |  20.0
   Spider:3 |   19314 |    3069 |  13.7 |      43 |       7 |  14.0
   Spider:4 |   18058 |   26999 |  59.9 |      43 |      41 |  48.8
      Orc:1 |    1327 |    1793 |  57.5 |      13 |      18 |  58.1
      Orc:2 |    2887 |   18335 |  86.4 |      20 |      41 |  67.2
   Vaults:1 |   24545 |   12528 |  33.8 |      42 |      18 |  30.0
   Vaults:2 |   36952 |   24614 |  40.0 |      54 |      43 |  44.3
   Vaults:3 |   32264 |   11934 |  27.0 |      46 |      18 |  28.1
   Vaults:4 |   26665 |   38975 |  59.4 |      32 |      42 |  56.8
   Vaults:5 |   13254 |   77051 |  85.3 |      16 |      58 |  78.4
   Depths:1 |   26338 |   17160 |  39.5 |      36 |      18 |  33.3
   Depths:2 |   38074 |   43562 |  53.4 |      46 |      40 |  46.5
   Depths:3 |    2001 |   83093 |  97.6 |       8 |      88 |  91.7
   Depths:4 |   40402 |   32627 |  44.7 |      44 |      27 |  38.0
      Zot:1 |   39152 |       0 |   0.0 |      32 |       0 |   0.0
      Zot:2 |   12437 |       0 |   0.0 |      10 |       0 |   0.0
      Zot:3 |   30674 |    6071 |  16.5 |      25 |      11 |  30.6
      Zot:4 |   33275 |   30008 |  47.4 |      28 |      20 |  41.7
      Zot:5 |    3314 |       0 |   0.0 |       3 |       0 |   0.0
      Sewer |       0 |     195 | 100.0 |       0 |      27 | 100.0
    Ossuary |       0 |    1612 | 100.0 |       0 |      34 | 100.0
   Gauntlet |       0 |    5822 | 100.0 |       0 |      18 | 100.0
            +---------+---------+-------+---------+---------+-------
